Workbook
Name Auxiliar: #REF!
Name Auxiliar: #REF!
Name CUSTO_VALE_TRANSPORTE: #REF!
Name CUSTO_VALE_TRANSPORTE: #REF!
Name ecwece4c: #REF!
Name ecwece4c: #REF!
Name MOMB4: '[1]SERVENTE MANUTENCAO'!$I$144
Name MONA1: #REF!
Name MONA1: #REF!
Name MONA2: #REF!
Name MONA2: #REF!
Name MONA3: [2]HIDRAULICO!$I$138
Name MONA4: '[2]SERVENTE (AUX PRODUCAO)'!$I$138
Name MONA5: #REF!
Name MONA5: #REF!
Name MONA6: #REF!
Name MONA6: #REF!
Name MONA7: #REF!
Name MONA7: #REF!
Name MONA8: [2]MECANICO_REFRIGERACAO!$I$138
Name MONB1: #REF!
Name MONB1: #REF!
Name MONB2: #REF!
Name MONB2: #REF!
Name MONB3: [2]HIDRAULICO!$I$144
Name MONB4: '[2]SERVENTE (AUX PRODUCAO)'!$I$144
Name MONB5: #REF!
Name MONB5: #REF!
Name MONB6: #REF!
Name MONB6: #REF!
Name MONB7: #REF!
Name MONB7: #REF!
Name MONB8: [2]MECANICO_REFRIGERACAO!$I$144
Name MONC1: #REF!
Name MONC1: #REF!
Name MONC2: #REF!
Name MONC2: #REF!
Name MONC3: [2]HIDRAULICO!$I$148
Name MONC4: '[2]SERVENTE (AUX PRODUCAO)'!$I$148
Name MONC5: #REF!
Name MONC5: #REF!
Name MONC6: #REF!
Name MONC6: #REF!
Name MONC7: #REF!
Name MONC7: #REF!
Name MONC8: [2]MECANICO_REFRIGERACAO!$I$148
Name mont: #REF!
Name mont: #REF!
Name MONTANTEA: #REF!
Name MONTANTEA: #REF!
Name MONTANTEA1: #REF!
Name MONTANTEA1: #REF!
Name MONTANTEA2: #REF!
Name MONTANTEA2: #REF!
Name MONTANTEB: #REF!
Name MONTANTEB: #REF!
Name MONTANTEB1: #REF!
Name MONTANTEB1: #REF!
Name MONTANTEB2: #REF!
Name MONTANTEB2: #REF!

Sheet Motorista Porto Alegre
A1: PLANILHA DE CUSTOS E FORMAÇÃO DE PREÇOS DE SERVIÇOS CONTINUADOS COM DEDICAÇÃO EXCLUSIVA DE MÃO DE OBRA (ANEXO III - DECRETO 52.768 de 15.12.2015)
A2: PROCESSO: | C2: 23/1000-0027271-1 | E2: REGIME DE TRIBUTAÇÃO: LUCRO PRESUMIDO
A3: LICITAÇÃO/EDITAL | E3: ABERTURA:
A5: Cargo/Função: | D5: Motorista | G5: =IF(D6="12x36","Regime de trabalho:","Quantidade de HORAS/MÊS") -> Quantidade de HORAS/MÊS | I5: =IF(D6="12x36",D6,5*D6) -> 200
A6: =IF(D6="12x36","Regime de trabalho:","Regime de trabalho (horas semanais):") -> Regime de trabalho (horas semanais): | D6: 40
A7: Convenção Coletiva de Trabalho: | D7: RS001552/2023 | G7: INSALUBRIDADE (10%, 20%, 40%) | I7: Não aplicável
A8: Origem do salário: | D8: CCT
A9: Cidade: | D9: Porto Alegre | G9: PERICULOSIDADE (30%) | I9: Não aplicável
A10: Salário Normativo | G10: Vlr. do salário e nº de horas correspondentes | H10: 220 | I10: 1987.86
A11: ISS | G11: =D9 -> Porto Alegre | H11: Alíquota | I11: 0.05
A12: Tarifa Transporte | G12: CCT | H12: Vr. Unitário | I12: 4.8
H13: Dias | I13: 22
H14: Desconto | I14: 0.06
A15: Auxílio Alimentação | G15: CCT | H15: Vr. Unitário | I15: 16
H16: Dias | I16: 22
H17: Desconto | I17: 0.2
A18: Auxílio Lanche | G18: CCT | H18: Vr. Unitário | I18: 0
H19: Dias | I19: 0
H20: Desconto | I20: 0
A21: Cesta Básica | G21: CCT | H21: Valor mensal | I21: Não aplicável
A22: Adicional de Supervisor (37%) | H22: Porcentagem | I22: Não aplicável
A23: Base de cálculo da insalubridade | H23: Valor | I23: Não aplicável
A24: Quantitativo de horas trabalhadas em feriados no mês (estimado) - Não aplicável para postos 12x36 | H24: Horas por mês | I24: Não aplicável
H25: Acréscimo da hora extra | I25: Não aplicável
A26: Hora Intervalar (somente para postos 12x36, quando for o caso) | H26: Horas por mês | I26: Não aplicável
A27: Sem fornecimento de materiais ou apenas fornecimento de EPIs ou uniformes, utilizar 10%. Com fornecimento de materiais ou equipamentos, utilizar 20%. (Decreto 52.768/2015, alterado pelo Decreto 53.424/2017) | H27: Porcentagem | I27: 0.1
A29: MONTANTE A
A30: I | B30: Remuneração - Grupo I | H30: % | I30: Valor Mensal/unidade de serviço (R$)
A31: 1 | B31: Salário | H31: =I31/$I$40 -> 1 | I31: =IF(D6="12x36",I10,I10/H10*I5) -> 1807.1455
A32: =A31+1 -> 2 | B32: Adicional Periculosidade 30% (Ver súmulas 364, 132 e 191 do TST) | H32: =I32/$I$40 -> 0 | I32: =IF(I9=30%,I31*I9,0) -> 0
A33: =A32+1 -> 3 | B33: Adicional Insalubridade 10% (Ver súmula 228 e 139 TST) | H33: =I33/$I$40 -> 0 | I33: =IF(I7=10%,I23*I7,0) -> 0
A34: =A33+1 -> 4 | B34: Adicional Insalubridade 20% (Ver súmula 228 e 139 TST) | H34: =I34/$I$40 -> 0 | I34: =IF(I7=20%,I23*I7,0) -> 0
A35: =A34+1 -> 5 | B35: Adicional Insalubridade 40% (Ver súmula 228 e 139 TST) | H35: =I35/$I$40 -> 0 | I35: =IF(I7=40%,I23*I7,0) -> 0
A36: =A35+1 -> 6 | B36: Adicional de Supervisor (IN 05/2017 MPOG SLTI) | H36: =I36/$I$40 -> 0 | I36: =IF(I22="Não aplicável",0,I31*I22) -> 0
A37: =A36+1 -> 7 | B37: Feriados | H37: =I37/$I$40 -> 0 | I37: =IF(I24="Não aplicável",0,(I31+I32+I33+I34+I35+I36+I39)/I5*I24*(1+I25)) -> 0
A38: =A37+1 -> 8 | B38: DSR = número total das horas extras do mês / número de dias úteis X domingos e feriados do mês X valor da hora extra com acréscimo | H38: =I38/$I$40 -> 0 | I38: =IF(I24="Não aplicável",0,I24/I13*5*(I10/H10*(1+I25))) -> 0
A39: =A38+1 -> 9 | B39: =IF(D6="12x36","Para postos 12x36 os feriados são considerados compensados, conforme parágrafo único, Art. 59-A da CLT","Outros") -> Outros | H39: =I39/$I$40 -> 0 | I39: 0
A40: Total de Remuneração | H40: =SUM(H31:H39) -> 1 | I40: =SUM(I31:I39) -> 1807.1455
A42: II | B42: Encargos Sociais - Grupo II: Obrigações Sociais | H42: % | I42: Valor Mensal/unidade de serviço (R$)
A43: 1 | B43: INSS (art. 22, inc. I, Lei nº 8.212/91) | H43: 0.2 | I43: =$I$40*H43 -> 361.42909
A44: 2 | B44: SESI ou SESC (art. 30, Lei nº 8.036/90) | H44: 0.015 | I44: =$I$40*H44 -> 27.107182
A45: 3 | B45: SENAI ou SENAC (Decreto-Lei nº 2.318/86) | H45: 0.01 | I45: =$I$40*H45 -> 18.071455
A46: 4 | B46: INCRA (art. 15I, Lei Complementar nº 011/71) | H46: 0.002 | I46: =$I$40*H46 -> 3.6142909
A47: 5 | B47: SALÁRIO EDUCAÇÃO (art. , inc. I, Decreto nº 87.043/82) | H47: 0.025 | I47: =$I$40*H47 -> 45.178636
A48: 6 | B48: FGTS (art. 15, Lei nº 8.036/90) | H48: 0.08 | I48: =$I$40*H48 -> 144.57164
A49: 7 | B49: SEG. ACIDENTE DO TRABALHO 1%, 2% e 3% (art. 22, inc. II, alíneas "b" e "c", da Lei nº 8.212/91) | H49: 0.03 | I49: =$I$40*H49 -> 54.214364
A50: 8 | B50: SEBRAE (§ 3º, art. 8º, Lei nº 8.029/90) | H50: 0.006 | I50: =$I$40*H50 -> 10.842873
A51: Total do Grupo II | H51: =SUM(H43:H50) -> 0.368 | I51: =SUM(I43:I50) -> 665.02953
A52: Os percentuais para o SAT podem variar de 0,50% a 6,00% em função do Fator de Acidente Previdenciário (FAP), Decreto nº 6.957/2009
A53: Deverá obrigatoriamente acompanhar a proposta de preços e a planilha de custos e formação de preços a prova do Fator Acidentário de Prevenção – FAP por meio de impressão de consulta ao site do Ministério da Previdência Social (que pode ser obtido no endereço eletrônico http://www2.dataprev.gov.br/fap/fap.htm), independentemente de alteração da alíquota da parcela do Seguro Acidente de Trabalho disposta no Quadro II da referida planilha.
A54: III | B54: Encargos Sociais - Grupo III: Tempo Não Trabalhado | H54: % | I54: Valor Mensal/unidade de serviço (R$)
A55: 1 | B55: FÉRIAS GOZADAS + ADICIONAL DE FÉRIAS | H55: 0.119314 | I55: =$I$40*H55 -> 215.61775
A56: 2 | B56: FALTAS ABONADAS (3) | H56: 0.020479 | I56: =$I$40*H56 -> 37.008532
A57: 3 | B57: FALTAS LEGAIS (4) | H57: 0.012123 | I57: =$I$40*H57 -> 21.908024
A58: 4 | B58: LICENÇA MATERNIDADE | H58: 0.011436 | I58: =$I$40*H58 -> 20.666515
A59: 5 | B59: LICENÇA PATERNIDADE | H59: 0.000174 | I59: =$I$40*H59 -> 0.31444331
A60: 6 | B60: ACIDENTE DE TRABALHO | H60: 0.000442 | I60: =$I$40*H60 -> 0.79875829
A61: 7 | B61: AVISO PRÉVIO TRABALHADO | H61: 0.000185 | I61: =$I$40*H61 -> 0.33432191
A62: 8 | B62: 13º SALÁRIO | H62: 0.09079 | I62: =$I$40*H62 -> 164.07074
A63: Total do Grupo III | H63: =SUM(H55:H62) -> 0.254943 | I63: =SUM(I55:I62) -> 460.71908
A64: (3) | B64: Faltas Justificadas por Auxílio Doença
A65: (4) | B65: Faltas Legais - Art. 473 CLT
A66: IV | B66: Encargos Sociais - Grupo IV: Indenizações | H66: % | I66: Valor Mensal/unidade de serviço (R$)
A67: 1 | B67: INDENIZAÇÕES | H67: 0.023627 | I67: =$I$40*H67 -> 42.697426
A68: 2 | B68: FGTS SOBRE INDENIZAÇÕES | H68: 0.001717 | I68: =$I$40*H68 -> 3.1028687
A69: 3 | B69: INDENIZAÇÃO COMPENSATÓRIA POR DEMISSÃO SEM JUSTA CAUSA | H69: 0.009451 | I69: =$I$40*H69 -> 17.079332
A70: Total do Grupo IV | H70: =SUM(H67:H69) -> 0.034795 | I70: =SUM(I67:I69) -> 62.879626
A72: V | B72: Encargos Sociais - Grupo V: Incidências | H72: % | I72: Valor Mensal/unidade de serviço (R$)
A73: 1 | B73: INCIDÊNCIA GRUPO II (Obrigações Sociais) X GRUPO III (Tempo Não Trabalhado) | H73: =(H51*H63) -> 0.093819024 | I73: =$I$40*H73 -> 169.54462
A74: Total do Grupo V | H74: =SUM(H73:H73) -> 0.093819024 | I74: =I73 -> 169.54462
A76: TOTAL DOS ENCAGOS SOCIAIS (II + III + IV + V) | H76: =H51+H63+H70+H74 -> 0.75155702 | I76: =I51+I63+I70+I74 -> 1358.1729
A78: VI | B78: Demais custos relativos à Norma Coletiva ou Disposições Legais - Grupo VI | H78: % | I78: Valor Mensal/unidade de serviço (R$)
A79: 1 | B79: Auxílio Alimentação | H79: =I79/$I$40 -> 0.15582586 | I79: =I96 -> 281.6
A80: 2 | B80: Auxílio Lanche | H80: =I80/$I$40 -> 0 | I80: =I92 -> 0
A81: 3 | B81: Vale-Transporte⁽⁵⁾ | H81: =I81/$I$40 -> 0.056869397 | I81: =I88 -> 102.77127
A82: 4 | B82: Adicional Intervalar | H82: =I82/$I$40 -> 0 | I82: =IF(I26="Não aplicável",0,((I10/H10)*1.5*I26)) -> 0
A83: 5 | B83: Outros | H83: =I83/$I$40 -> 0 | I83: =IF(I21="Não aplicável",0,I21) -> 0
A84: Total do Grupo VI | H84: =SUM(H79:H83) -> 0.21269526 | I84: =SUM(I79:I83) -> 384.37127
A85: (5) | B85: O valor do vale-transporte pode variar de acordo com o modal fornecido pelo empregador.
A86: MEMÓRIA DE CÁLCULO DO VALE TRANSPORTE
A87: Valor Unitário | C87: Dias de Trabalho | D87: Vale p/dia | E87: Custo total | F87: Base de cálculo | G87: Percentual de desconto | H87: Valor desconto | I87: Custo efetivo
A88: =I12 -> 4.8 | C88: =I13 -> 22 | D88: 2 | E88: =A88*C88*D88 -> 211.2 | F88: =I31 -> 1807.1455 | G88: =I14 -> 0.06 | H88: =F88*G88 -> 108.42873 | I88: =IF((E88-H88)>0,E88-H88,0) -> 102.77127
A90: MEMÓRIA DE CÁLCULO DO VALE LANCHE
A91: Valor Unitário | C91: Dias por mês | D91: Vale p/dia | E91: Custo total | F91: Base de cálculo | G91: Percentual de desconto | H91: Valor desconto | I91: Custo efetivo
A92: =I18 -> 0 | C92: =I19 -> 0 | D92: 1 | E92: =A92*C92*D92 -> 0 | F92: =E92 -> 0 | G92: =I20 -> 0 | H92: =F92*G92 -> 0 | I92: =E92-H92 -> 0
A94: MEMÓRIA DE CÁLCULO DO VALE ALIMENTAÇÃO
A95: Valor Unitário | C95: Dias por mês | D95: Vale p/dia | E95: Custo total | F95: Base de cálculo | G95: Percentual de desconto | H95: =H87 -> Valor desconto | I95: Custo efetivo
A96: =I15 -> 16 | C96: =I16 -> 22 | D96: 1 | E96: =A96*C96*D96 -> 352 | F96: =E96 -> 352 | G96: =I17 -> 0.2 | H96: =F96*G96 -> 70.4 | I96: =E96-H96 -> 281.6
A98: TOTAL DO MONTANTE A (I + II + III+ IV + V +VI) | H98: =H40+H76+H84 -> 1.9642523 | I98: =I40+I76+I84 -> 3549.6896
A100: MONTANTE B
A101: I | B101: Despesas Diretas | H101: % | I101: Valor Mensal/unidade de serviço (R$)
A102: 1 | B102: Transporte (6) | H102: =I102/$I$113 -> 0 | I102: 0
A103: 2 | B103: Uniformes/EPI (6a) | H103: =I103/$I$113 -> 0 | I103: 0
A104: 3 | B104: Seguro de vida | H104: =I104/$I$113 -> 0 | I104: 0
A105: 4 | B105: Materiais/Equipamentos | H105: =I105/$I$113 -> 0 | I105: =IF(F111=20%,G111,0) -> 0
A106: 5 | B106: Mobilização (7) | H106: =I106/$I$113 -> 0 | I106: 0
A107: 6 | B107: Outros (especificar) | H107: =I107/$I$113 -> 0 | I107: 0
A108: Total de Despesas Diretas | H108: =H102+H103+H104+H105+H106+H107 -> 0 | I108: =SUM(I102:I107) -> 0
B109: (6) Somente será preenchido quando o licitante fornecer transporte próprio (6a) EPI - Equipamento de Proteção Individual (7) Tais custos de mobilização não são renováveis, devendo ser eliminados após o primeiro ano de contrato caso haja prorrogação
A111: LIMITE QUADRO I (Despesas Diretas) sobre Montante A (exceto Vale-transporte), conforme alíneas "b.2" e "b.3", Inc. II, art. 7º, do Decreto 52.768/2015, alterado pelo Decreto 53.424/2017: 10% SEM MATERIAIS/EQUIPAMENTOS; 20% COM MATERIAIS/EQUIPAMENTOS | F111: =I27 -> 0.1 | G111: =I113*F111 -> 344.69183 | H111: Dedução Vale Transporte | I111: =I81 -> 102.77127
...

Sheet Motorista Erechim
A1: PLANILHA DE CUSTOS E FORMAÇÃO DE PREÇOS DE SERVIÇOS CONTINUADOS COM DEDICAÇÃO EXCLUSIVA DE MÃO DE OBRA (ANEXO III - DECRETO 52.768 de 15.12.2015)
A2: PROCESSO: | C2: 23/1000-0027271-1 | E2: REGIME DE TRIBUTAÇÃO: LUCRO PRESUMIDO
A3: LICITAÇÃO/EDITAL | E3: ABERTURA:
A5: Cargo/Função: | D5: Motorista (Eventual) | G5: =IF(D6="12x36","Regime de trabalho:","Quantidade de HORAS/MÊS") -> Quantidade de HORAS/MÊS | I5: =IF(D6="12x36",D6,5*D6) -> 200
A6: =IF(D6="12x36","Regime de trabalho:","Regime de trabalho (horas semanais):") -> Regime de trabalho (horas semanais): | D6: 40
A7: Convenção Coletiva de Trabalho: | D7: RS001552/2023 | G7: INSALUBRIDADE (10%, 20%, 40%) | I7: Não aplicável
A8: Origem do salário: | D8: CCT
A9: Cidade: | D9: Erechim | G9: PERICULOSIDADE (30%) | I9: Não aplicável
A10: Salário Normativo | G10: Vlr. do salário e nº de horas correspondentes | H10: 220 | I10: 1987.86
A11: ISS | G11: =D9 -> Erechim | H11: Alíquota | I11: 0.03
A12: Tarifa Transporte | G12: CCT | H12: Vr. Unitário | I12: 5.5
H13: Dias | I13: 22
H14: Desconto | I14: 0.06
A15: Auxílio Alimentação | G15: CCT | H15: Vr. Unitário | I15: 16
H16: Dias | I16: 22
H17: Desconto | I17: 0.2
A18: Auxílio Lanche | G18: CCT | H18: Vr. Unitário | I18: 0
H19: Dias | I19: 0
H20: Desconto | I20: 0
A21: Cesta Básica | G21: CCT | H21: Valor mensal | I21: Não aplicável
A22: Adicional de Supervisor (37%) | H22: Porcentagem | I22: Não aplicável
A23: Base de cálculo da insalubridade | H23: Valor | I23: Não aplicável
A24: Quantitativo de horas trabalhadas em feriados no mês (estimado) - Não aplicável para postos 12x36 | H24: Horas por mês | I24: Não aplicável
H25: Acréscimo da hora extra | I25: Não aplicável
A26: Hora Intervalar (somente para postos 12x36, quando for o caso) | H26: Horas por mês | I26: Não aplicável
A27: Sem fornecimento de materiais ou apenas fornecimento de EPIs ou uniformes, utilizar 10%. Com fornecimento de materiais ou equipamentos, utilizar 20%. (Decreto 52.768/2015, alterado pelo Decreto 53.424/2017) | H27: Porcentagem | I27: 0.1
A29: MONTANTE A
A30: I | B30: Remuneração - Grupo I | H30: % | I30: Valor Mensal/unidade de serviço (R$)
A31: 1 | B31: Salário | H31: =I31/$I$40 -> 1 | I31: =IF(D6="12x36",I10,I10/H10*I5) -> 1807.1455
A32: =A31+1 -> 2 | B32: Adicional Periculosidade 30% (Ver súmulas 364, 132 e 191 do TST) | H32: =I32/$I$40 -> 0 | I32: =IF(I9=30%,I31*I9,0) -> 0
A33: =A32+1 -> 3 | B33: Adicional Insalubridade 10% (Ver súmula 228 e 139 TST) | H33: =I33/$I$40 -> 0 | I33: =IF(I7=10%,I23*I7,0) -> 0
A34: =A33+1 -> 4 | B34: Adicional Insalubridade 20% (Ver súmula 228 e 139 TST) | H34: =I34/$I$40 -> 0 | I34: =IF(I7=20%,I23*I7,0) -> 0
A35: =A34+1 -> 5 | B35: Adicional Insalubridade 40% (Ver súmula 228 e 139 TST) | H35: =I35/$I$40 -> 0 | I35: =IF(I7=40%,I23*I7,0) -> 0
A36: =A35+1 -> 6 | B36: Adicional de Supervisor (IN 05/2017 MPOG SLTI) | H36: =I36/$I$40 -> 0 | I36: =IF(I22="Não aplicável",0,I31*I22) -> 0
A37: =A36+1 -> 7 | B37: Feriados | H37: =I37/$I$40 -> 0 | I37: =IF(I24="Não aplicável",0,(I31+I32+I33+I34+I35+I36+I39)/I5*I24*(1+I25)) -> 0
A38: =A37+1 -> 8 | B38: DSR = número total das horas extras do mês / número de dias úteis X domingos e feriados do mês X valor da hora extra com acréscimo | H38: =I38/$I$40 -> 0 | I38: =IF(I24="Não aplicável",0,I24/I13*5*(I10/H10*(1+I25))) -> 0
A39: =A38+1 -> 9 | B39: =IF(D6="12x36","Para postos 12x36 os feriados são considerados compensados, conforme parágrafo único, Art. 59-A da CLT","Outros") -> Outros | H39: =I39/$I$40 -> 0 | I39: 0
A40: Total de Remuneração | H40: =SUM(H31:H39) -> 1 | I40: =SUM(I31:I39) -> 1807.1455
A42: II | B42: Encargos Sociais - Grupo II: Obrigações Sociais | H42: % | I42: Valor Mensal/unidade de serviço (R$)
A43: 1 | B43: INSS (art. 22, inc. I, Lei nº 8.212/91) | H43: 0.2 | I43: =$I$40*H43 -> 361.42909
A44: 2 | B44: SESI ou SESC (art. 30, Lei nº 8.036/90) | H44: 0.015 | I44: =$I$40*H44 -> 27.107182
A45: 3 | B45: SENAI ou SENAC (Decreto-Lei nº 2.318/86) | H45: 0.01 | I45: =$I$40*H45 -> 18.071455
A46: 4 | B46: INCRA (art. 15I, Lei Complementar nº 011/71) | H46: 0.002 | I46: =$I$40*H46 -> 3.6142909
A47: 5 | B47: SALÁRIO EDUCAÇÃO (art. , inc. I, Decreto nº 87.043/82) | H47: 0.025 | I47: =$I$40*H47 -> 45.178636
A48: 6 | B48: FGTS (art. 15, Lei nº 8.036/90) | H48: 0.08 | I48: =$I$40*H48 -> 144.57164
A49: 7 | B49: SEG. ACIDENTE DO TRABALHO 1%, 2% e 3% (art. 22, inc. II, alíneas "b" e "c", da Lei nº 8.212/91) | H49: 0.03 | I49: =$I$40*H49 -> 54.214364
A50: 8 | B50: SEBRAE (§ 3º, art. 8º, Lei nº 8.029/90) | H50: 0.006 | I50: =$I$40*H50 -> 10.842873
A51: Total do Grupo II | H51: =SUM(H43:H50) -> 0.368 | I51: =SUM(I43:I50) -> 665.02953
A52: Os percentuais para o SAT podem variar de 0,50% a 6,00% em função do Fator de Acidente Previdenciário (FAP), Decreto nº 6.957/2009
A53: Deverá obrigatoriamente acompanhar a proposta de preços e a planilha de custos e formação de preços a prova do Fator Acidentário de Prevenção – FAP por meio de impressão de consulta ao site do Ministério da Previdência Social (que pode ser obtido no endereço eletrônico http://www2.dataprev.gov.br/fap/fap.htm), independentemente de alteração da alíquota da parcela do Seguro Acidente de Trabalho disposta no Quadro II da referida planilha.
A54: III | B54: Encargos Sociais - Grupo III: Tempo Não Trabalhado | H54: % | I54: Valor Mensal/unidade de serviço (R$)
A55: 1 | B55: FÉRIAS GOZADAS + ADICIONAL DE FÉRIAS | H55: 0.119314 | I55: =$I$40*H55 -> 215.61775
A56: 2 | B56: FALTAS ABONADAS (3) | H56: 0.020479 | I56: =$I$40*H56 -> 37.008532
A57: 3 | B57: FALTAS LEGAIS (4) | H57: 0.012123 | I57: =$I$40*H57 -> 21.908024
A58: 4 | B58: LICENÇA MATERNIDADE | H58: 0.011436 | I58: =$I$40*H58 -> 20.666515
A59: 5 | B59: LICENÇA PATERNIDADE | H59: 0.000174 | I59: =$I$40*H59 -> 0.31444331
A60: 6 | B60: ACIDENTE DE TRABALHO | H60: 0.000442 | I60: =$I$40*H60 -> 0.79875829
A61: 7 | B61: AVISO PRÉVIO TRABALHADO | H61: 0.000185 | I61: =$I$40*H61 -> 0.33432191
A62: 8 | B62: 13º SALÁRIO | H62: 0.09079 | I62: =$I$40*H62 -> 164.07074
A63: Total do Grupo III | H63: =SUM(H55:H62) -> 0.254943 | I63: =SUM(I55:I62) -> 460.71908
A64: (3) | B64: Faltas Justificadas por Auxílio Doença
A65: (4) | B65: Faltas Legais - Art. 473 CLT
A66: IV | B66: Encargos Sociais - Grupo IV: Indenizações | H66: % | I66: Valor Mensal/unidade de serviço (R$)
A67: 1 | B67: INDENIZAÇÕES | H67: 0.023627 | I67: =$I$40*H67 -> 42.697426
A68: 2 | B68: FGTS SOBRE INDENIZAÇÕES | H68: 0.001717 | I68: =$I$40*H68 -> 3.1028687
A69: 3 | B69: INDENIZAÇÃO COMPENSATÓRIA POR DEMISSÃO SEM JUSTA CAUSA | H69: 0.009451 | I69: =$I$40*H69 -> 17.079332
A70: Total do Grupo IV | H70: =SUM(H67:H69) -> 0.034795 | I70: =SUM(I67:I69) -> 62.879626
A72: V | B72: Encargos Sociais - Grupo V: Incidências | H72: % | I72: Valor Mensal/unidade de serviço (R$)
A73: 1 | B73: INCIDÊNCIA GRUPO II (Obrigações Sociais) X GRUPO III (Tempo Não Trabalhado) | H73: =(H51*H63) -> 0.093819024 | I73: =$I$40*H73 -> 169.54462
A74: Total do Grupo V | H74: =SUM(H73:H73) -> 0.093819024 | I74: =I73 -> 169.54462
A76: TOTAL DOS ENCAGOS SOCIAIS (II + III + IV + V) | H76: =H51+H63+H70+H74 -> 0.75155702 | I76: =I51+I63+I70+I74 -> 1358.1729
A78: VI | B78: Demais custos relativos à Norma Coletiva ou Disposições Legais - Grupo VI | H78: % | I78: Valor Mensal/unidade de serviço (R$)
A79: 1 | B79: Auxílio Alimentação | H79: =I79/$I$40 -> 0.15582586 | I79: =I96 -> 281.6
A80: 2 | B80: Auxílio Lanche | H80: =I80/$I$40 -> 0 | I80: =I92 -> 0
A81: 3 | B81: Vale-Transporte⁽⁵⁾ | H81: =I81/$I$40 -> 0.073912851 | I81: =I88 -> 133.57127
A82: 4 | B82: Adicional Intervalar | H82: =I82/$I$40 -> 0 | I82: =IF(I26="Não aplicável",0,((I10/H10)*1.5*I26)) -> 0
A83: 5 | B83: Outros | H83: =I83/$I$40 -> 0 | I83: =IF(I21="Não aplicável",0,I21) -> 0
A84: Total do Grupo VI | H84: =SUM(H79:H83) -> 0.22973871 | I84: =SUM(I79:I83) -> 415.17127
A85: (5) | B85: O valor do vale-transporte pode variar de acordo com o modal fornecido pelo empregador.
A86: MEMÓRIA DE CÁLCULO DO VALE TRANSPORTE
A87: Valor Unitário | C87: Dias de Trabalho | D87: Vale p/dia | E87: Custo total | F87: Base de cálculo | G87: Percentual de desconto | H87: Valor desconto | I87: Custo efetivo
A88: =I12 -> 5.5 | C88: =I13 -> 22 | D88: 2 | E88: =A88*C88*D88 -> 242 | F88: =I31 -> 1807.1455 | G88: =I14 -> 0.06 | H88: =F88*G88 -> 108.42873 | I88: =IF((E88-H88)>0,E88-H88,0) -> 133.57127
A90: MEMÓRIA DE CÁLCULO DO VALE LANCHE
A91: Valor Unitário | C91: Dias por mês | D91: Vale p/dia | E91: Custo total | F91: Base de cálculo | G91: Percentual de desconto | H91: Valor desconto | I91: Custo efetivo
A92: =I18 -> 0 | C92: =I19 -> 0 | D92: 1 | E92: =A92*C92*D92 -> 0 | F92: =E92 -> 0 | G92: =I20 -> 0 | H92: =F92*G92 -> 0 | I92: =E92-H92 -> 0
A94: MEMÓRIA DE CÁLCULO DO VALE ALIMENTAÇÃO
A95: Valor Unitário | C95: Dias por mês | D95: Vale p/dia | E95: Custo total | F95: Base de cálculo | G95: Percentual de desconto | H95: =H87 -> Valor desconto | I95: Custo efetivo
A96: =I15 -> 16 | C96: =I16 -> 22 | D96: 1 | E96: =A96*C96*D96 -> 352 | F96: =E96 -> 352 | G96: =I17 -> 0.2 | H96: =F96*G96 -> 70.4 | I96: =E96-H96 -> 281.6
A98: TOTAL DO MONTANTE A (I + II + III+ IV + V +VI) | H98: =H40+H76+H84 -> 1.9812957 | I98: =I40+I76+I84 -> 3580.4896
A100: MONTANTE B
A101: I | B101: Despesas Diretas | H101: % | I101: Valor Mensal/unidade de serviço (R$)
A102: 1 | B102: Transporte (6) | H102: =I102/$I$113 -> 0 | I102: 0
A103: 2 | B103: Uniformes/EPI (6a) | H103: =I103/$I$113 -> 0 | I103: 0
A104: 3 | B104: Seguro de vida | H104: =I104/$I$113 -> 0 | I104: 0
A105: 4 | B105: Materiais/Equipamentos | H105: =I105/$I$113 -> 0 | I105: =IF(F111=20%,G111,0) -> 0
A106: 5 | B106: Mobilização (7) | H106: =I106/$I$113 -> 0 | I106: 0
A107: 6 | B107: Outros (especificar) | H107: =I107/$I$113 -> 0 | I107: 0
A108: Total de Despesas Diretas | H108: =H102+H103+H104+H105+H106+H107 -> 0 | I108: =SUM(I102:I107) -> 0
B109: (6) Somente será preenchido quando o licitante fornecer transporte próprio (6a) EPI - Equipamento de Proteção Individual (7) Tais custos de mobilização não são renováveis, devendo ser eliminados após o primeiro ano de contrato caso haja prorrogação
A111: LIMITE QUADRO I (Despesas Diretas) sobre Montante A (exceto Vale-transporte), conforme alíneas "b.2" e "b.3", Inc. II, art. 7º, do Decreto 52.768/2015, alterado pelo Decreto 53.424/2017: 10% SEM MATERIAIS/EQUIPAMENTOS; 20% COM MATERIAIS/EQUIPAMENTOS | F111: =I27 -> 0.1 | G111: =I113*F111 -> 344.69183 | H111: Dedução Vale Transporte | I111: =I81 -> 133.57127
...

Sheet Motorista Santa Maria
A1: PLANILHA DE CUSTOS E FORMAÇÃO DE PREÇOS DE SERVIÇOS CONTINUADOS COM DEDICAÇÃO EXCLUSIVA DE MÃO DE OBRA (ANEXO III - DECRETO 52.768 de 15.12.2015)
A2: PROCESSO: | C2: 23/1000-0027271-1 | E2: REGIME DE TRIBUTAÇÃO: LUCRO PRESUMIDO
A3: LICITAÇÃO/EDITAL | E3: ABERTURA:
A5: Cargo/Função: | D5: Motorista (Eventual) | G5: =IF(D6="12x36","Regime de trabalho:","Quantidade de HORAS/MÊS") -> Quantidade de HORAS/MÊS | I5: =IF(D6="12x36",D6,5*D6) -> 200
A6: =IF(D6="12x36","Regime de trabalho:","Regime de trabalho (horas semanais):") -> Regime de trabalho (horas semanais): | D6: 40
A7: Convenção Coletiva de Trabalho: | D7: RS003842/2023 | G7: INSALUBRIDADE (10%, 20%, 40%) | I7: Não aplicável
A8: Origem do salário: | D8: CCT
A9: Cidade: | D9: Santa Maria | G9: PERICULOSIDADE (30%) | I9: Não aplicável
A10: Salário Normativo | G10: Vlr. do salário e nº de horas correspondentes | H10: 220 | I10: 1931
A11: ISS | G11: =D9 -> Santa Maria | H11: Alíquota | I11: 0.04
A12: Tarifa Transporte | G12: CCT | H12: Vr. Unitário | I12: 5
H13: Dias | I13: 22
H14: Desconto | I14: 0.06
A15: Auxílio Alimentação | G15: CCT | H15: Vr. Unitário | I15: 0
H16: Dias | I16: 0
H17: Desconto | I17: 0
A18: Ticket alimentação mensal Cláusula Décima Quarta. Valor unitário considerado o ticket já com o desconto. | G18: CCT | H18: Vr. Unitário | I18: 200
H19: Mês | I19: 1
H20: Desconto | I20: 0
A21: Cesta Básica | G21: CCT | H21: Valor mensal | I21: Não aplicável
A22: Adicional de Supervisor (37%) | H22: Porcentagem | I22: Não aplicável
A23: Base de cálculo da insalubridade | H23: Valor | I23: Não aplicável
A24: Quantitativo de horas trabalhadas em feriados no mês (estimado) - Não aplicável para postos 12x36 | H24: Horas por mês | I24: Não aplicável
H25: Acréscimo da hora extra | I25: Não aplicável
A26: Hora Intervalar (somente para postos 12x36, quando for o caso) | H26: Horas por mês | I26: Não aplicável
A27: Sem fornecimento de materiais ou apenas fornecimento de EPIs ou uniformes, utilizar 10%. Com fornecimento de materiais ou equipamentos, utilizar 20%. (Decreto 52.768/2015, alterado pelo Decreto 53.424/2017) | H27: Porcentagem | I27: 0.1
A29: MONTANTE A
A30: I | B30: Remuneração - Grupo I | H30: % | I30: Valor Mensal/unidade de serviço (R$)
A31: 1 | B31: Salário | H31: =I31/$I$40 -> 1 | I31: =IF(D6="12x36",I10,I10/H10*I5) -> 1755.4545
A32: =A31+1 -> 2 | B32: Adicional Periculosidade 30% (Ver súmulas 364, 132 e 191 do TST) | H32: =I32/$I$40 -> 0 | I32: =IF(I9=30%,I31*I9,0) -> 0
A33: =A32+1 -> 3 | B33: Adicional Insalubridade 10% (Ver súmula 228 e 139 TST) | H33: =I33/$I$40 -> 0 | I33: =IF(I7=10%,I23*I7,0) -> 0
A34: =A33+1 -> 4 | B34: Adicional Insalubridade 20% (Ver súmula 228 e 139 TST) | H34: =I34/$I$40 -> 0 | I34: =IF(I7=20%,I23*I7,0) -> 0
A35: =A34+1 -> 5 | B35: Adicional Insalubridade 40% (Ver súmula 228 e 139 TST) | H35: =I35/$I$40 -> 0 | I35: =IF(I7=40%,I23*I7,0) -> 0
A36: =A35+1 -> 6 | B36: Adicional de Supervisor (IN 05/2017 MPOG SLTI) | H36: =I36/$I$40 -> 0 | I36: =IF(I22="Não aplicável",0,I31*I22) -> 0
A37: =A36+1 -> 7 | B37: Feriados | H37: =I37/$I$40 -> 0 | I37: =IF(I24="Não aplicável",0,(I31+I32+I33+I34+I35+I36+I39)/I5*I24*(1+I25)) -> 0
A38: =A37+1 -> 8 | B38: DSR = número total das horas extras do mês / número de dias úteis X domingos e feriados do mês X valor da hora extra com acréscimo | H38: =I38/$I$40 -> 0 | I38: =IF(I24="Não aplicável",0,I24/I13*5*(I10/H10*(1+I25))) -> 0
A39: =A38+1 -> 9 | B39: =IF(D6="12x36","Para postos 12x36 os feriados são considerados compensados, conforme parágrafo único, Art. 59-A da CLT","Outros") -> Outros | H39: =I39/$I$40 -> 0 | I39: 0
A40: Total de Remuneração | H40: =SUM(H31:H39) -> 1 | I40: =SUM(I31:I39) -> 1755.4545
A42: II | B42: Encargos Sociais - Grupo II: Obrigações Sociais | H42: % | I42: Valor Mensal/unidade de serviço (R$)
A43: 1 | B43: INSS (art. 22, inc. I, Lei nº 8.212/91) | H43: 0.2 | I43: =$I$40*H43 -> 351.09091
A44: 2 | B44: SESI ou SESC (art. 30, Lei nº 8.036/90) | H44: 0.015 | I44: =$I$40*H44 -> 26.331818
A45: 3 | B45: SENAI ou SENAC (Decreto-Lei nº 2.318/86) | H45: 0.01 | I45: =$I$40*H45 -> 17.554545
A46: 4 | B46: INCRA (art. 15I, Lei Complementar nº 011/71) | H46: 0.002 | I46: =$I$40*H46 -> 3.5109091
A47: 5 | B47: SALÁRIO EDUCAÇÃO (art. , inc. I, Decreto nº 87.043/82) | H47: 0.025 | I47: =$I$40*H47 -> 43.886364
A48: 6 | B48: FGTS (art. 15, Lei nº 8.036/90) | H48: 0.08 | I48: =$I$40*H48 -> 140.43636
A49: 7 | B49: SEG. ACIDENTE DO TRABALHO 1%, 2% e 3% (art. 22, inc. II, alíneas "b" e "c", da Lei nº 8.212/91) | H49: 0.03 | I49: =$I$40*H49 -> 52.663636
A50: 8 | B50: SEBRAE (§ 3º, art. 8º, Lei nº 8.029/90) | H50: 0.006 | I50: =$I$40*H50 -> 10.532727
A51: Total do Grupo II | H51: =SUM(H43:H50) -> 0.368 | I51: =SUM(I43:I50) -> 646.00727
A52: Os percentuais para o SAT podem variar de 0,50% a 6,00% em função do Fator de Acidente Previdenciário (FAP), Decreto nº 6.957/2009
A53: Deverá obrigatoriamente acompanhar a proposta de preços e a planilha de custos e formação de preços a prova do Fator Acidentário de Prevenção – FAP por meio de impressão de consulta ao site do Ministério da Previdência Social (que pode ser obtido no endereço eletrônico http://www2.dataprev.gov.br/fap/fap.htm), independentemente de alteração da alíquota da parcela do Seguro Acidente de Trabalho disposta no Quadro II da referida planilha.
A54: III | B54: Encargos Sociais - Grupo III: Tempo Não Trabalhado | H54: % | I54: Valor Mensal/unidade de serviço (R$)
A55: 1 | B55: FÉRIAS GOZADAS + ADICIONAL DE FÉRIAS | H55: 0.119314 | I55: =$I$40*H55 -> 209.4503
A56: 2 | B56: FALTAS ABONADAS (3) | H56: 0.020479 | I56: =$I$40*H56 -> 35.949954
A57: 3 | B57: FALTAS LEGAIS (4) | H57: 0.012123 | I57: =$I$40*H57 -> 21.281375
A58: 4 | B58: LICENÇA MATERNIDADE | H58: 0.011436 | I58: =$I$40*H58 -> 20.075378
A59: 5 | B59: LICENÇA PATERNIDADE | H59: 0.000174 | I59: =$I$40*H59 -> 0.30544909
A60: 6 | B60: ACIDENTE DE TRABALHO | H60: 0.000442 | I60: =$I$40*H60 -> 0.77591091
A61: 7 | B61: AVISO PRÉVIO TRABALHADO | H61: 0.000185 | I61: =$I$40*H61 -> 0.32475909
A62: 8 | B62: 13º SALÁRIO | H62: 0.09079 | I62: =$I$40*H62 -> 159.37772
A63: Total do Grupo III | H63: =SUM(H55:H62) -> 0.254943 | I63: =SUM(I55:I62) -> 447.54085
A64: (3) | B64: Faltas Justificadas por Auxílio Doença
A65: (4) | B65: Faltas Legais - Art. 473 CLT
A66: IV | B66: Encargos Sociais - Grupo IV: Indenizações | H66: % | I66: Valor Mensal/unidade de serviço (R$)
A67: 1 | B67: INDENIZAÇÕES | H67: 0.023627 | I67: =$I$40*H67 -> 41.476125
A68: 2 | B68: FGTS SOBRE INDENIZAÇÕES | H68: 0.001717 | I68: =$I$40*H68 -> 3.0141155
A69: 3 | B69: INDENIZAÇÃO COMPENSATÓRIA POR DEMISSÃO SEM JUSTA CAUSA | H69: 0.009451 | I69: =$I$40*H69 -> 16.590801
A70: Total do Grupo IV | H70: =SUM(H67:H69) -> 0.034795 | I70: =SUM(I67:I69) -> 61.081041
A72: V | B72: Encargos Sociais - Grupo V: Incidências | H72: % | I72: Valor Mensal/unidade de serviço (R$)
A73: 1 | B73: INCIDÊNCIA GRUPO II (Obrigações Sociais) X GRUPO III (Tempo Não Trabalhado) | H73: =(H51*H63) -> 0.093819024 | I73: =$I$40*H73 -> 164.69503
A74: Total do Grupo V | H74: =SUM(H73:H73) -> 0.093819024 | I74: =I73 -> 164.69503
A76: TOTAL DOS ENCAGOS SOCIAIS (II + III + IV + V) | H76: =H51+H63+H70+H74 -> 0.75155702 | I76: =I51+I63+I70+I74 -> 1319.3242
A78: VI | B78: Demais custos relativos à Norma Coletiva ou Disposições Legais - Grupo VI | H78: % | I78: Valor Mensal/unidade de serviço (R$)
A79: 1 | B79: Auxílio Alimentação | H79: =I79/$I$40 -> 0 | I79: =I96 -> 0
A80: 2 | B80: Auxílio Lanche | H80: =I80/$I$40 -> 0.11393061 | I80: =I92 -> 200
A81: 3 | B81: Vale-Transporte⁽⁵⁾ | H81: =I81/$I$40 -> 0.065323666 | I81: =I88 -> 114.67273
A82: 4 | B82: Adicional Intervalar | H82: =I82/$I$40 -> 0 | I82: =IF(I26="Não aplicável",0,((I10/H10)*1.5*I26)) -> 0
A83: 5 | B83: Outros | H83: =I83/$I$40 -> 0 | I83: =IF(I21="Não aplicável",0,I21) -> 0
A84: Total do Grupo VI | H84: =SUM(H79:H83) -> 0.17925427 | I84: =SUM(I79:I83) -> 314.67273
A85: (5) | B85: O valor do vale-transporte pode variar de acordo com o modal fornecido pelo empregador.
A86: MEMÓRIA DE CÁLCULO DO VALE TRANSPORTE
A87: Valor Unitário | C87: Dias de Trabalho | D87: Vale p/dia | E87: Custo total | F87: Base de cálculo | G87: Percentual de desconto | H87: Valor desconto | I87: Custo efetivo
A88: =I12 -> 5 | C88: =I13 -> 22 | D88: 2 | E88: =A88*C88*D88 -> 220 | F88: =I31 -> 1755.4545 | G88: =I14 -> 0.06 | H88: =F88*G88 -> 105.32727 | I88: =IF((E88-H88)>0,E88-H88,0) -> 114.67273
A90: MEMÓRIA DE CÁLCULO DO VALE LANCHE
A91: Valor Unitário | C91: Dias por mês | D91: Vale p/dia | E91: Custo total | F91: Base de cálculo | G91: Percentual de desconto | H91: Valor desconto | I91: Custo efetivo
A92: =I18 -> 200 | C92: =I19 -> 1 | D92: 1 | E92: =A92*C92*D92 -> 200 | F92: =E92 -> 200 | G92: =I20 -> 0 | H92: =F92*G92 -> 0 | I92: =E92-H92 -> 200
A94: MEMÓRIA DE CÁLCULO DO VALE ALIMENTAÇÃO
A95: Valor Unitário | C95: Dias por mês | D95: Vale p/dia | E95: Custo total | F95: Base de cálculo | G95: Percentual de desconto | H95: =H87 -> Valor desconto | I95: Custo efetivo
A96: =I15 -> 0 | C96: =I16 -> 0 | D96: 1 | E96: =A96*C96*D96 -> 0 | F96: =E96 -> 0 | G96: =I17 -> 0 | H96: =F96*G96 -> 0 | I96: =E96-H96 -> 0
A98: TOTAL DO MONTANTE A (I + II + III+ IV + V +VI) | H98: =H40+H76+H84 -> 1.9308113 | I98: =I40+I76+I84 -> 3389.4515
A100: MONTANTE B
A101: I | B101: Despesas Diretas | H101: % | I101: Valor Mensal/unidade de serviço (R$)
A102: 1 | B102: Transporte (6) | H102: =I102/$I$113 -> 0 | I102: 0
A103: 2 | B103: Uniformes/EPI (6a) | H103: =I103/$I$113 -> 0 | I103: 0
A104: 3 | B104: Seguro de vida | H104: =I104/$I$113 -> 0 | I104: 0
A105: 4 | B105: Materiais/Equipamentos | H105: =I105/$I$113 -> 0 | I105: =IF(F111=20%,G111,0) -> 0
A106: 5 | B106: Mobilização (7) | H106: =I106/$I$113 -> 0 | I106: 0
A107: 6 | B107: Outros (especificar) | H107: =I107/$I$113 -> 0 | I107: 0
A108: Total de Despesas Diretas | H108: =H102+H103+H104+H105+H106+H107 -> 0 | I108: =SUM(I102:I107) -> 0
B109: (6) Somente será preenchido quando o licitante fornecer transporte próprio (6a) EPI - Equipamento de Proteção Individual (7) Tais custos de mobilização não são renováveis, devendo ser eliminados após o primeiro ano de contrato caso haja prorrogação
A111: LIMITE QUADRO I (Despesas Diretas) sobre Montante A (exceto Vale-transporte), conforme alíneas "b.2" e "b.3", Inc. II, art. 7º, do Decreto 52.768/2015, alterado pelo Decreto 53.424/2017: 10% SEM MATERIAIS/EQUIPAMENTOS; 20% COM MATERIAIS/EQUIPAMENTOS | F111: =I27 -> 0.1 | G111: =I113*F111 -> 327.47787 | H111: Dedução Vale Transporte | I111: =I81 -> 114.67273
...

Sheet Motorista Santo Angelo
A1: PLANILHA DE CUSTOS E FORMAÇÃO DE PREÇOS DE SERVIÇOS CONTINUADOS COM DEDICAÇÃO EXCLUSIVA DE MÃO DE OBRA (ANEXO III - DECRETO 52.768 de 15.12.2015)
A2: PROCESSO: | C2: 23/1000-0027271-1 | E2: REGIME DE TRIBUTAÇÃO: LUCRO PRESUMIDO
A3: LICITAÇÃO/EDITAL | E3: ABERTURA:
A5: Cargo/Função: | D5: Motorista | G5: =IF(D6="12x36","Regime de trabalho:","Quantidade de HORAS/MÊS") -> Quantidade de HORAS/MÊS | I5: =IF(D6="12x36",D6,5*D6) -> 200
A6: =IF(D6="12x36","Regime de trabalho:","Regime de trabalho (horas semanais):") -> Regime de trabalho (horas semanais): | D6: 40
A7: Convenção Coletiva de Trabalho: | D7: RS001552/2023 | G7: INSALUBRIDADE (10%, 20%, 40%) | I7: Não aplicável
A8: Origem do salário: | D8: CCT
A9: Cidade: | D9: Santo Angelo | G9: PERICULOSIDADE (30%) | I9: Não aplicável
A10: Salário Normativo | G10: Vlr. do salário e nº de horas correspondentes | H10: 220 | I10: 1987.86
A11: ISS | G11: =D9 -> Santo Angelo | H11: Alíquota | I11: 0.03
A12: Tarifa Transporte | G12: CCT | H12: Vr. Unitário | I12: 5
H13: Dias | I13: 22
H14: Desconto | I14: 0.06
A15: Auxílio Alimentação | G15: CCT | H15: Vr. Unitário | I15: 16
H16: Dias | I16: 22
H17: Desconto | I17: 0.2
A18: Auxílio Lanche | G18: CCT | H18: Vr. Unitário | I18: 0
H19: Dias | I19: 0
H20: Desconto | I20: 0
A21: Cesta Básica | G21: CCT | H21: Valor mensal | I21: Não aplicável
A22: Adicional de Supervisor (37%) | H22: Porcentagem | I22: Não aplicável
A23: Base de cálculo da insalubridade | H23: Valor | I23: Não aplicável
A24: Quantitativo de horas trabalhadas em feriados no mês (estimado) - Não aplicável para postos 12x36 | H24: Horas por mês | I24: Não aplicável
H25: Acréscimo da hora extra | I25: Não aplicável
A26: Hora Intervalar (somente para postos 12x36, quando for o caso) | H26: Horas por mês | I26: Não aplicável
A27: Sem fornecimento de materiais ou apenas fornecimento de EPIs ou uniformes, utilizar 10%. Com fornecimento de materiais ou equipamentos, utilizar 20%. (Decreto 52.768/2015, alterado pelo Decreto 53.424/2017) | H27: Porcentagem | I27: 0.1
A29: MONTANTE A
A30: I | B30: Remuneração - Grupo I | H30: % | I30: Valor Mensal/unidade de serviço (R$)
A31: 1 | B31: Salário | H31: =I31/$I$40 -> 1 | I31: =IF(D6="12x36",I10,I10/H10*I5) -> 1807.1455
A32: =A31+1 -> 2 | B32: Adicional Periculosidade 30% (Ver súmulas 364, 132 e 191 do TST) | H32: =I32/$I$40 -> 0 | I32: =IF(I9=30%,I31*I9,0) -> 0
A33: =A32+1 -> 3 | B33: Adicional Insalubridade 10% (Ver súmula 228 e 139 TST) | H33: =I33/$I$40 -> 0 | I33: =IF(I7=10%,I23*I7,0) -> 0
A34: =A33+1 -> 4 | B34: Adicional Insalubridade 20% (Ver súmula 228 e 139 TST) | H34: =I34/$I$40 -> 0 | I34: =IF(I7=20%,I23*I7,0) -> 0
A35: =A34+1 -> 5 | B35: Adicional Insalubridade 40% (Ver súmula 228 e 139 TST) | H35: =I35/$I$40 -> 0 | I35: =IF(I7=40%,I23*I7,0) -> 0
A36: =A35+1 -> 6 | B36: Adicional de Supervisor (IN 05/2017 MPOG SLTI) | H36: =I36/$I$40 -> 0 | I36: =IF(I22="Não aplicável",0,I31*I22) -> 0
A37: =A36+1 -> 7 | B37: Feriados | H37: =I37/$I$40 -> 0 | I37: =IF(I24="Não aplicável",0,(I31+I32+I33+I34+I35+I36+I39)/I5*I24*(1+I25)) -> 0
A38: =A37+1 -> 8 | B38: DSR = número total das horas extras do mês / número de dias úteis X domingos e feriados do mês X valor da hora extra com acréscimo | H38: =I38/$I$40 -> 0 | I38: =IF(I24="Não aplicável",0,I24/I13*5*(I10/H10*(1+I25))) -> 0
A39: =A38+1 -> 9 | B39: =IF(D6="12x36","Para postos 12x36 os feriados são considerados compensados, conforme parágrafo único, Art. 59-A da CLT","Outros") -> Outros | H39: =I39/$I$40 -> 0 | I39: 0
A40: Total de Remuneração | H40: =SUM(H31:H39) -> 1 | I40: =SUM(I31:I39) -> 1807.1455
A42: II | B42: Encargos Sociais - Grupo II: Obrigações Sociais | H42: % | I42: Valor Mensal/unidade de serviço (R$)
A43: 1 | B43: INSS (art. 22, inc. I, Lei nº 8.212/91) | H43: 0.2 | I43: =$I$40*H43 -> 361.42909
A44: 2 | B44: SESI ou SESC (art. 30, Lei nº 8.036/90) | H44: 0.015 | I44: =$I$40*H44 -> 27.107182
A45: 3 | B45: SENAI ou SENAC (Decreto-Lei nº 2.318/86) | H45: 0.01 | I45: =$I$40*H45 -> 18.071455
A46: 4 | B46: INCRA (art. 15I, Lei Complementar nº 011/71) | H46: 0.002 | I46: =$I$40*H46 -> 3.6142909
A47: 5 | B47: SALÁRIO EDUCAÇÃO (art. , inc. I, Decreto nº 87.043/82) | H47: 0.025 | I47: =$I$40*H47 -> 45.178636
A48: 6 | B48: FGTS (art. 15, Lei nº 8.036/90) | H48: 0.08 | I48: =$I$40*H48 -> 144.57164
A49: 7 | B49: SEG. ACIDENTE DO TRABALHO 1%, 2% e 3% (art. 22, inc. II, alíneas "b" e "c", da Lei nº 8.212/91) | H49: 0.03 | I49: =$I$40*H49 -> 54.214364
A50: 8 | B50: SEBRAE (§ 3º, art. 8º, Lei nº 8.029/90) | H50: 0.006 | I50: =$I$40*H50 -> 10.842873
A51: Total do Grupo II | H51: =SUM(H43:H50) -> 0.368 | I51: =SUM(I43:I50) -> 665.02953
A52: Os percentuais para o SAT podem variar de 0,50% a 6,00% em função do Fator de Acidente Previdenciário (FAP), Decreto nº 6.957/2009
A53: Deverá obrigatoriamente acompanhar a proposta de preços e a planilha de custos e formação de preços a prova do Fator Acidentário de Prevenção – FAP por meio de impressão de consulta ao site do Ministério da Previdência Social (que pode ser obtido no endereço eletrônico http://www2.dataprev.gov.br/fap/fap.htm), independentemente de alteração da alíquota da parcela do Seguro Acidente de Trabalho disposta no Quadro II da referida planilha.
A54: III | B54: Encargos Sociais - Grupo III: Tempo Não Trabalhado | H54: % | I54: Valor Mensal/unidade de serviço (R$)
A55: 1 | B55: FÉRIAS GOZADAS + ADICIONAL DE FÉRIAS | H55: 0.119314 | I55: =$I$40*H55 -> 215.61775
A56: 2 | B56: FALTAS ABONADAS (3) | H56: 0.020479 | I56: =$I$40*H56 -> 37.008532
A57: 3 | B57: FALTAS LEGAIS (4) | H57: 0.012123 | I57: =$I$40*H57 -> 21.908024
A58: 4 | B58: LICENÇA MATERNIDADE | H58: 0.011436 | I58: =$I$40*H58 -> 20.666515
A59: 5 | B59: LICENÇA PATERNIDADE | H59: 0.000174 | I59: =$I$40*H59 -> 0.31444331
A60: 6 | B60: ACIDENTE DE TRABALHO | H60: 0.000442 | I60: =$I$40*H60 -> 0.79875829
A61: 7 | B61: AVISO PRÉVIO TRABALHADO | H61: 0.000185 | I61: =$I$40*H61 -> 0.33432191
A62: 8 | B62: 13º SALÁRIO | H62: 0.09079 | I62: =$I$40*H62 -> 164.07074
A63: Total do Grupo III | H63: =SUM(H55:H62) -> 0.254943 | I63: =SUM(I55:I62) -> 460.71908
A64: (3) | B64: Faltas Justificadas por Auxílio Doença
A65: (4) | B65: Faltas Legais - Art. 473 CLT
A66: IV | B66: Encargos Sociais - Grupo IV: Indenizações | H66: % | I66: Valor Mensal/unidade de serviço (R$)
A67: 1 | B67: INDENIZAÇÕES | H67: 0.023627 | I67: =$I$40*H67 -> 42.697426
A68: 2 | B68: FGTS SOBRE INDENIZAÇÕES | H68: 0.001717 | I68: =$I$40*H68 -> 3.1028687
A69: 3 | B69: INDENIZAÇÃO COMPENSATÓRIA POR DEMISSÃO SEM JUSTA CAUSA | H69: 0.009451 | I69: =$I$40*H69 -> 17.079332
A70: Total do Grupo IV | H70: =SUM(H67:H69) -> 0.034795 | I70: =SUM(I67:I69) -> 62.879626
A72: V | B72: Encargos Sociais - Grupo V: Incidências | H72: % | I72: Valor Mensal/unidade de serviço (R$)
A73: 1 | B73: INCIDÊNCIA GRUPO II (Obrigações Sociais) X GRUPO III (Tempo Não Trabalhado) | H73: =(H51*H63) -> 0.093819024 | I73: =$I$40*H73 -> 169.54462
A74: Total do Grupo V | H74: =SUM(H73:H73) -> 0.093819024 | I74: =I73 -> 169.54462
A76: TOTAL DOS ENCAGOS SOCIAIS (II + III + IV + V) | H76: =H51+H63+H70+H74 -> 0.75155702 | I76: =I51+I63+I70+I74 -> 1358.1729
A78: VI | B78: Demais custos relativos à Norma Coletiva ou Disposições Legais - Grupo VI | H78: % | I78: Valor Mensal/unidade de serviço (R$)
A79: 1 | B79: Auxílio Alimentação | H79: =I79/$I$40 -> 0.15582586 | I79: =I96 -> 281.6
A80: 2 | B80: Auxílio Lanche | H80: =I80/$I$40 -> 0 | I80: =I92 -> 0
A81: 3 | B81: Vale-Transporte⁽⁵⁾ | H81: =I81/$I$40 -> 0.061738955 | I81: =I88 -> 111.57127
A82: 4 | B82: Adicional Intervalar | H82: =I82/$I$40 -> 0 | I82: =IF(I26="Não aplicável",0,((I10/H10)*1.5*I26)) -> 0
A83: 5 | B83: Outros | H83: =I83/$I$40 -> 0 | I83: =IF(I21="Não aplicável",0,I21) -> 0
A84: Total do Grupo VI | H84: =SUM(H79:H83) -> 0.21756482 | I84: =SUM(I79:I83) -> 393.17127
A85: (5) | B85: O valor do vale-transporte pode variar de acordo com o modal fornecido pelo empregador.
A86: MEMÓRIA DE CÁLCULO DO VALE TRANSPORTE
A87: Valor Unitário | C87: Dias de Trabalho | D87: Vale p/dia | E87: Custo total | F87: Base de cálculo | G87: Percentual de desconto | H87: Valor desconto | I87: Custo efetivo
A88: =I12 -> 5 | C88: =I13 -> 22 | D88: 2 | E88: =A88*C88*D88 -> 220 | F88: =I31 -> 1807.1455 | G88: =I14 -> 0.06 | H88: =F88*G88 -> 108.42873 | I88: =IF((E88-H88)>0,E88-H88,0) -> 111.57127
A90: MEMÓRIA DE CÁLCULO DO VALE LANCHE
A91: Valor Unitário | C91: Dias por mês | D91: Vale p/dia | E91: Custo total | F91: Base de cálculo | G91: Percentual de desconto | H91: Valor desconto | I91: Custo efetivo
A92: =I18 -> 0 | C92: =I19 -> 0 | D92: 1 | E92: =A92*C92*D92 -> 0 | F92: =E92 -> 0 | G92: =I20 -> 0 | H92: =F92*G92 -> 0 | I92: =E92-H92 -> 0
A94: MEMÓRIA DE CÁLCULO DO VALE ALIMENTAÇÃO
A95: Valor Unitário | C95: Dias por mês | D95: Vale p/dia | E95: Custo total | F95: Base de cálculo | G95: Percentual de desconto | H95: =H87 -> Valor desconto | I95: Custo efetivo
A96: =I15 -> 16 | C96: =I16 -> 22 | D96: 1 | E96: =A96*C96*D96 -> 352 | F96: =E96 -> 352 | G96: =I17 -> 0.2 | H96: =F96*G96 -> 70.4 | I96: =E96-H96 -> 281.6
A98: TOTAL DO MONTANTE A (I + II + III+ IV + V +VI) | H98: =H40+H76+H84 -> 1.9691218 | I98: =I40+I76+I84 -> 3558.4896
A100: MONTANTE B
A101: I | B101: Despesas Diretas | H101: % | I101: Valor Mensal/unidade de serviço (R$)
A102: 1 | B102: Transporte (6) | H102: =I102/$I$113 -> 0 | I102: 0
A103: 2 | B103: Uniformes/EPI (6a) | H103: =I103/$I$113 -> 0 | I103: 0
A104: 3 | B104: Seguro de vida | H104: =I104/$I$113 -> 0 | I104: 0
A105: 4 | B105: Materiais/Equipamentos | H105: =I105/$I$113 -> 0 | I105: =IF(F111=20%,G111,0) -> 0
A106: 5 | B106: Mobilização (7) | H106: =I106/$I$113 -> 0 | I106: 0
A107: 6 | B107: Outros (especificar) | H107: =I107/$I$113 -> 0 | I107: 0
A108: Total de Despesas Diretas | H108: =H102+H103+H104+H105+H106+H107 -> 0 | I108: =SUM(I102:I107) -> 0
B109: (6) Somente será preenchido quando o licitante fornecer transporte próprio (6a) EPI - Equipamento de Proteção Individual (7) Tais custos de mobilização não são renováveis, devendo ser eliminados após o primeiro ano de contrato caso haja prorrogação
A111: LIMITE QUADRO I (Despesas Diretas) sobre Montante A (exceto Vale-transporte), conforme alíneas "b.2" e "b.3", Inc. II, art. 7º, do Decreto 52.768/2015, alterado pelo Decreto 53.424/2017: 10% SEM MATERIAIS/EQUIPAMENTOS; 20% COM MATERIAIS/EQUIPAMENTOS | F111: =I27 -> 0.1 | G111: =I113*F111 -> 344.69183 | H111: Dedução Vale Transporte | I111: =I81 -> 111.57127
...

Sheet Motorista Caxias do Sul
A1: PLANILHA DE CUSTOS E FORMAÇÃO DE PREÇOS DE SERVIÇOS CONTINUADOS COM DEDICAÇÃO EXCLUSIVA DE MÃO DE OBRA (ANEXO III - DECRETO 52.768 de 15.12.2015)
A2: PROCESSO: | C2: 23/1000-0027271-1 | E2: REGIME DE TRIBUTAÇÃO: LUCRO PRESUMIDO
A3: LICITAÇÃO/EDITAL | E3: ABERTURA:
A5: Cargo/Função: | D5: Motorista | G5: =IF(D6="12x36","Regime de trabalho:","Quantidade de HORAS/MÊS") -> Quantidade de HORAS/MÊS | I5: =IF(D6="12x36",D6,5*D6) -> 200
A6: =IF(D6="12x36","Regime de trabalho:","Regime de trabalho (horas semanais):") -> Regime de trabalho (horas semanais): | D6: 40
A7: Convenção Coletiva de Trabalho: | D7: RS001831/2023 | G7: INSALUBRIDADE (10%, 20%, 40%) | I7: Não aplicável
A8: Origem do salário: | D8: CCT
A9: Cidade: | D9: Caxias do Sul | G9: PERICULOSIDADE (30%) | I9: Não aplicável
A10: Salário Normativo | G10: Vlr. do salário e nº de horas correspondentes | H10: 220 | I10: 2600
A11: ISS | G11: =D9 -> Caxias do Sul | H11: Alíquota | I11: 0.04
A12: Tarifa Transporte | G12: CCT | H12: Vr. Unitário | I12: 4.9
H13: Dias | I13: 22
H14: Desconto | I14: 0.06
A15: Auxílio Alimentação | G15: CCT | H15: Vr. Unitário | I15: 0
H16: Dias | I16: 0
H17: Desconto | I17: 0
A18: Auxílio Lanche | G18: CCT | H18: Vr. Unitário | I18: 0
H19: Dias | I19: 0
H20: Desconto | I20: 0
A21: Cesta Básica | G21: CCT | H21: Valor mensal | I21: Não aplicável
A22: Adicional de Supervisor (37%) | H22: Porcentagem | I22: Não aplicável
A23: Base de cálculo da insalubridade | H23: Valor | I23: Não aplicável
A24: Quantitativo de horas trabalhadas em feriados no mês (estimado) - Não aplicável para postos 12x36 | H24: Horas por mês | I24: Não aplicável
H25: Acréscimo da hora extra | I25: Não aplicável
A26: Hora Intervalar (somente para postos 12x36, quando for o caso) | H26: Horas por mês | I26: Não aplicável
A27: Sem fornecimento de materiais ou apenas fornecimento de EPIs ou uniformes, utilizar 10%. Com fornecimento de materiais ou equipamentos, utilizar 20%. (Decreto 52.768/2015, alterado pelo Decreto 53.424/2017) | H27: Porcentagem | I27: 0.1
A29: MONTANTE A
A30: I | B30: Remuneração - Grupo I | H30: % | I30: Valor Mensal/unidade de serviço (R$)
A31: 1 | B31: Salário | H31: =I31/$I$40 -> 1 | I31: =IF(D6="12x36",I10,I10/H10*I5) -> 2363.6364
A32: =A31+1 -> 2 | B32: Adicional Periculosidade 30% (Ver súmulas 364, 132 e 191 do TST) | H32: =I32/$I$40 -> 0 | I32: =IF(I9=30%,I31*I9,0) -> 0
A33: =A32+1 -> 3 | B33: Adicional Insalubridade 10% (Ver súmula 228 e 139 TST) | H33: =I33/$I$40 -> 0 | I33: =IF(I7=10%,I23*I7,0) -> 0
A34: =A33+1 -> 4 | B34: Adicional Insalubridade 20% (Ver súmula 228 e 139 TST) | H34: =I34/$I$40 -> 0 | I34: =IF(I7=20%,I23*I7,0) -> 0
A35: =A34+1 -> 5 | B35: Adicional Insalubridade 40% (Ver súmula 228 e 139 TST) | H35: =I35/$I$40 -> 0 | I35: =IF(I7=40%,I23*I7,0) -> 0
A36: =A35+1 -> 6 | B36: Adicional de Supervisor (IN 05/2017 MPOG SLTI) | H36: =I36/$I$40 -> 0 | I36: =IF(I22="Não aplicável",0,I31*I22) -> 0
A37: =A36+1 -> 7 | B37: Feriados | H37: =I37/$I$40 -> 0 | I37: =IF(I24="Não aplicável",0,(I31+I32+I33+I34+I35+I36+I39)/I5*I24*(1+I25)) -> 0
A38: =A37+1 -> 8 | B38: DSR = número total das horas extras do mês / número de dias úteis X domingos e feriados do mês X valor da hora extra com acréscimo | H38: =I38/$I$40 -> 0 | I38: =IF(I24="Não aplicável",0,I24/I13*5*(I10/H10*(1+I25))) -> 0
A39: =A38+1 -> 9 | B39: =IF(D6="12x36","Para postos 12x36 os feriados são considerados compensados, conforme parágrafo único, Art. 59-A da CLT","Outros") -> Outros | H39: =I39/$I$40 -> 0 | I39: 0
A40: Total de Remuneração | H40: =SUM(H31:H39) -> 1 | I40: =SUM(I31:I39) -> 2363.6364
A42: II | B42: Encargos Sociais - Grupo II: Obrigações Sociais | H42: % | I42: Valor Mensal/unidade de serviço (R$)
A43: 1 | B43: INSS (art. 22, inc. I, Lei nº 8.212/91) | H43: 0.2 | I43: =$I$40*H43 -> 472.72727
A44: 2 | B44: SESI ou SESC (art. 30, Lei nº 8.036/90) | H44: 0.015 | I44: =$I$40*H44 -> 35.454545
A45: 3 | B45: SENAI ou SENAC (Decreto-Lei nº 2.318/86) | H45: 0.01 | I45: =$I$40*H45 -> 23.636364
A46: 4 | B46: INCRA (art. 15I, Lei Complementar nº 011/71) | H46: 0.002 | I46: =$I$40*H46 -> 4.7272727
A47: 5 | B47: SALÁRIO EDUCAÇÃO (art. , inc. I, Decreto nº 87.043/82) | H47: 0.025 | I47: =$I$40*H47 -> 59.090909
A48: 6 | B48: FGTS (art. 15, Lei nº 8.036/90) | H48: 0.08 | I48: =$I$40*H48 -> 189.09091
A49: 7 | B49: SEG. ACIDENTE DO TRABALHO 1%, 2% e 3% (art. 22, inc. II, alíneas "b" e "c", da Lei nº 8.212/91) | H49: 0.03 | I49: =$I$40*H49 -> 70.909091
A50: 8 | B50: SEBRAE (§ 3º, art. 8º, Lei nº 8.029/90) | H50: 0.006 | I50: =$I$40*H50 -> 14.181818
A51: Total do Grupo II | H51: =SUM(H43:H50) -> 0.368 | I51: =SUM(I43:I50) -> 869.81818
A52: Os percentuais para o SAT podem variar de 0,50% a 6,00% em função do Fator de Acidente Previdenciário (FAP), Decreto nº 6.957/2009
A53: Deverá obrigatoriamente acompanhar a proposta de preços e a planilha de custos e formação de preços a prova do Fator Acidentário de Prevenção – FAP por meio de impressão de consulta ao site do Ministério da Previdência Social (que pode ser obtido no endereço eletrônico http://www2.dataprev.gov.br/fap/fap.htm), independentemente de alteração da alíquota da parcela do Seguro Acidente de Trabalho disposta no Quadro II da referida planilha.
A54: III | B54: Encargos Sociais - Grupo III: Tempo Não Trabalhado | H54: % | I54: Valor Mensal/unidade de serviço (R$)
A55: 1 | B55: FÉRIAS GOZADAS + ADICIONAL DE FÉRIAS | H55: 0.119314 | I55: =$I$40*H55 -> 282.01491
A56: 2 | B56: FALTAS ABONADAS (3) | H56: 0.020479 | I56: =$I$40*H56 -> 48.404909
A57: 3 | B57: FALTAS LEGAIS (4) | H57: 0.012123 | I57: =$I$40*H57 -> 28.654364
A58: 4 | B58: LICENÇA MATERNIDADE | H58: 0.011436 | I58: =$I$40*H58 -> 27.030545
A59: 5 | B59: LICENÇA PATERNIDADE | H59: 0.000174 | I59: =$I$40*H59 -> 0.41127273
A60: 6 | B60: ACIDENTE DE TRABALHO | H60: 0.000442 | I60: =$I$40*H60 -> 1.0447273
A61: 7 | B61: AVISO PRÉVIO TRABALHADO | H61: 0.000185 | I61: =$I$40*H61 -> 0.43727273
A62: 8 | B62: 13º SALÁRIO | H62: 0.09079 | I62: =$I$40*H62 -> 214.59455
A63: Total do Grupo III | H63: =SUM(H55:H62) -> 0.254943 | I63: =SUM(I55:I62) -> 602.59255
A64: (3) | B64: Faltas Justificadas por Auxílio Doença
A65: (4) | B65: Faltas Legais - Art. 473 CLT
A66: IV | B66: Encargos Sociais - Grupo IV: Indenizações | H66: % | I66: Valor Mensal/unidade de serviço (R$)
A67: 1 | B67: INDENIZAÇÕES | H67: 0.023627 | I67: =$I$40*H67 -> 55.845636
A68: 2 | B68: FGTS SOBRE INDENIZAÇÕES | H68: 0.001717 | I68: =$I$40*H68 -> 4.0583636
A69: 3 | B69: INDENIZAÇÃO COMPENSATÓRIA POR DEMISSÃO SEM JUSTA CAUSA | H69: 0.009451 | I69: =$I$40*H69 -> 22.338727
A70: Total do Grupo IV | H70: =SUM(H67:H69) -> 0.034795 | I70: =SUM(I67:I69) -> 82.242727
A72: V | B72: Encargos Sociais - Grupo V: Incidências | H72: % | I72: Valor Mensal/unidade de serviço (R$)
A73: 1 | B73: INCIDÊNCIA GRUPO II (Obrigações Sociais) X GRUPO III (Tempo Não Trabalhado) | H73: =(H51*H63) -> 0.093819024 | I73: =$I$40*H73 -> 221.75406
A74: Total do Grupo V | H74: =SUM(H73:H73) -> 0.093819024 | I74: =I73 -> 221.75406
A76: TOTAL DOS ENCAGOS SOCIAIS (II + III + IV + V) | H76: =H51+H63+H70+H74 -> 0.75155702 | I76: =I51+I63+I70+I74 -> 1776.4075
A78: VI | B78: Demais custos relativos à Norma Coletiva ou Disposições Legais - Grupo VI | H78: % | I78: Valor Mensal/unidade de serviço (R$)
A79: 1 | B79: Auxílio Alimentação | H79: =I79/$I$40 -> 0 | I79: =I96 -> 0
A80: 2 | B80: Auxílio Lanche | H80: =I80/$I$40 -> 0 | I80: =I92 -> 0
A81: 3 | B81: Vale-Transporte⁽⁵⁾ | H81: =I81/$I$40 -> 0.031215385 | I81: =I88 -> 73.781818
A82: 4 | B82: Adicional Intervalar | H82: =I82/$I$40 -> 0 | I82: =IF(I26="Não aplicável",0,((I10/H10)*1.5*I26)) -> 0
A83: 5 | B83: Outros | H83: =I83/$I$40 -> 0 | I83: =IF(I21="Não aplicável",0,I21) -> 0
A84: Total do Grupo VI | H84: =SUM(H79:H83) -> 0.031215385 | I84: =SUM(I79:I83) -> 73.781818
A85: (5) | B85: O valor do vale-transporte pode variar de acordo com o modal fornecido pelo empregador.
A86: MEMÓRIA DE CÁLCULO DO VALE TRANSPORTE
A87: Valor Unitário | C87: Dias de Trabalho | D87: Vale p/dia | E87: Custo total | F87: Base de cálculo | G87: Percentual de desconto | H87: Valor desconto | I87: Custo efetivo
A88: =I12 -> 4.9 | C88: =I13 -> 22 | D88: 2 | E88: =A88*C88*D88 -> 215.6 | F88: =I31 -> 2363.6364 | G88: =I14 -> 0.06 | H88: =F88*G88 -> 141.81818 | I88: =IF((E88-H88)>0,E88-H88,0) -> 73.781818
A90: MEMÓRIA DE CÁLCULO DO VALE LANCHE
A91: Valor Unitário | C91: Dias por mês | D91: Vale p/dia | E91: Custo total | F91: Base de cálculo | G91: Percentual de desconto | H91: Valor desconto | I91: Custo efetivo
A92: =I18 -> 0 | C92: =I19 -> 0 | D92: 1 | E92: =A92*C92*D92 -> 0 | F92: =E92 -> 0 | G92: =I20 -> 0 | H92: =F92*G92 -> 0 | I92: =E92-H92 -> 0
A94: MEMÓRIA DE CÁLCULO DO VALE ALIMENTAÇÃO
A95: Valor Unitário | C95: Dias por mês | D95: Vale p/dia | E95: Custo total | F95: Base de cálculo | G95: Percentual de desconto | H95: =H87 -> Valor desconto | I95: Custo efetivo
A96: =I15 -> 0 | C96: =I16 -> 0 | D96: 1 | E96: =A96*C96*D96 -> 0 | F96: =E96 -> 0 | G96: =I17 -> 0 | H96: =F96*G96 -> 0 | I96: =E96-H96 -> 0
A98: TOTAL DO MONTANTE A (I + II + III+ IV + V +VI) | H98: =H40+H76+H84 -> 1.7827724 | I98: =I40+I76+I84 -> 4213.8257
A100: MONTANTE B
A101: I | B101: Despesas Diretas | H101: % | I101: Valor Mensal/unidade de serviço (R$)
A102: 1 | B102: Transporte (6) | H102: =I102/$I$113 -> 0 | I102: 0
A103: 2 | B103: Uniformes/EPI (6a) | H103: =I103/$I$113 -> 0 | I103: 0
A104: 3 | B104: Seguro de vida | H104: =I104/$I$113 -> 0 | I104: 0
A105: 4 | B105: Materiais/Equipamentos | H105: =I105/$I$113 -> 0 | I105: =IF(F111=20%,G111,0) -> 0
A106: 5 | B106: Mobilização (7) | H106: =I106/$I$113 -> 0 | I106: 0
A107: 6 | B107: Outros (especificar) | H107: =I107/$I$113 -> 0 | I107: 0
A108: Total de Despesas Diretas | H108: =H102+H103+H104+H105+H106+H107 -> 0 | I108: =SUM(I102:I107) -> 0
B109: (6) Somente será preenchido quando o licitante fornecer transporte próprio (6a) EPI - Equipamento de Proteção Individual (7) Tais custos de mobilização não são renováveis, devendo ser eliminados após o primeiro ano de contrato caso haja prorrogação
A111: LIMITE QUADRO I (Despesas Diretas) sobre Montante A (exceto Vale-transporte), conforme alíneas "b.2" e "b.3", Inc. II, art. 7º, do Decreto 52.768/2015, alterado pelo Decreto 53.424/2017: 10% SEM MATERIAIS/EQUIPAMENTOS; 20% COM MATERIAIS/EQUIPAMENTOS | F111: =I27 -> 0.1 | G111: =I113*F111 -> 414.00439 | H111: Dedução Vale Transporte | I111: =I81 -> 73.781818
...

Sheet Motorista Santana do Livramento
A1: PLANILHA DE CUSTOS E FORMAÇÃO DE PREÇOS DE SERVIÇOS CONTINUADOS COM DEDICAÇÃO EXCLUSIVA DE MÃO DE OBRA (ANEXO III - DECRETO 52.768 de 15.12.2015)
A2: PROCESSO: | C2: 23/1000-0027271-1 | E2: REGIME DE TRIBUTAÇÃO: LUCRO PRESUMIDO
A3: LICITAÇÃO/EDITAL | E3: ABERTURA:
A5: Cargo/Função: | D5: Motorista | G5: =IF(D6="12x36","Regime de trabalho:","Quantidade de HORAS/MÊS") -> Quantidade de HORAS/MÊS | I5: =IF(D6="12x36",D6,5*D6) -> 200
A6: =IF(D6="12x36","Regime de trabalho:","Regime de trabalho (horas semanais):") -> Regime de trabalho (horas semanais): | D6: 40
A7: Convenção Coletiva de Trabalho: | D7: RS001552/2023 | G7: INSALUBRIDADE (10%, 20%, 40%) | I7: Não aplicável
A8: Origem do salário: | D8: CCT
A9: Cidade: | D9: Santana do Livramento | G9: PERICULOSIDADE (30%) | I9: Não aplicável
A10: Salário Normativo | G10: Vlr. do salário e nº de horas correspondentes | H10: 220 | I10: 1987.86
A11: ISS | G11: =D9 -> Santana do Livramento | H11: Alíquota | I11: 0.03
A12: Tarifa Transporte | G12: CCT | H12: Vr. Unitário | I12: 3.75
H13: Dias | I13: 22
H14: Desconto | I14: 0.06
A15: Auxílio Alimentação | G15: CCT | H15: Vr. Unitário | I15: 16
H16: Dias | I16: 22
H17: Desconto | I17: 0.2
A18: Auxílio Lanche | G18: CCT | H18: Vr. Unitário | I18: 0
H19: Dias | I19: 0
H20: Desconto | I20: 0
A21: Cesta Básica | G21: CCT | H21: Valor mensal | I21: Não aplicável
A22: Adicional de Supervisor (37%) | H22: Porcentagem | I22: Não aplicável
A23: Base de cálculo da insalubridade | H23: Valor | I23: Não aplicável
A24: Quantitativo de horas trabalhadas em feriados no mês (estimado) - Não aplicável para postos 12x36 | H24: Horas por mês | I24: Não aplicável
H25: Acréscimo da hora extra | I25: Não aplicável
A26: Hora Intervalar (somente para postos 12x36, quando for o caso) | H26: Horas por mês | I26: Não aplicável
A27: Sem fornecimento de materiais ou apenas fornecimento de EPIs ou uniformes, utilizar 10%. Com fornecimento de materiais ou equipamentos, utilizar 20%. (Decreto 52.768/2015, alterado pelo Decreto 53.424/2017) | H27: Porcentagem | I27: 0.1
A29: MONTANTE A
A30: I | B30: Remuneração - Grupo I | H30: % | I30: Valor Mensal/unidade de serviço (R$)
A31: 1 | B31: Salário | H31: =I31/$I$40 -> 1 | I31: =IF(D6="12x36",I10,I10/H10*I5) -> 1807.1455
A32: =A31+1 -> 2 | B32: Adicional Periculosidade 30% (Ver súmulas 364, 132 e 191 do TST) | H32: =I32/$I$40 -> 0 | I32: =IF(I9=30%,I31*I9,0) -> 0
A33: =A32+1 -> 3 | B33: Adicional Insalubridade 10% (Ver súmula 228 e 139 TST) | H33: =I33/$I$40 -> 0 | I33: =IF(I7=10%,I23*I7,0) -> 0
A34: =A33+1 -> 4 | B34: Adicional Insalubridade 20% (Ver súmula 228 e 139 TST) | H34: =I34/$I$40 -> 0 | I34: =IF(I7=20%,I23*I7,0) -> 0
A35: =A34+1 -> 5 | B35: Adicional Insalubridade 40% (Ver súmula 228 e 139 TST) | H35: =I35/$I$40 -> 0 | I35: =IF(I7=40%,I23*I7,0) -> 0
A36: =A35+1 -> 6 | B36: Adicional de Supervisor (IN 05/2017 MPOG SLTI) | H36: =I36/$I$40 -> 0 | I36: =IF(I22="Não aplicável",0,I31*I22) -> 0
A37: =A36+1 -> 7 | B37: Feriados | H37: =I37/$I$40 -> 0 | I37: =IF(I24="Não aplicável",0,(I31+I32+I33+I34+I35+I36+I39)/I5*I24*(1+I25)) -> 0
A38: =A37+1 -> 8 | B38: DSR = número total das horas extras do mês / número de dias úteis X domingos e feriados do mês X valor da hora extra com acréscimo | H38: =I38/$I$40 -> 0 | I38: =IF(I24="Não aplicável",0,I24/I13*5*(I10/H10*(1+I25))) -> 0
A39: =A38+1 -> 9 | B39: =IF(D6="12x36","Para postos 12x36 os feriados são considerados compensados, conforme parágrafo único, Art. 59-A da CLT","Outros") -> Outros | H39: =I39/$I$40 -> 0 | I39: 0
A40: Total de Remuneração | H40: =SUM(H31:H39) -> 1 | I40: =SUM(I31:I39) -> 1807.1455
A42: II | B42: Encargos Sociais - Grupo II: Obrigações Sociais | H42: % | I42: Valor Mensal/unidade de serviço (R$)
A43: 1 | B43: INSS (art. 22, inc. I, Lei nº 8.212/91) | H43: 0.2 | I43: =$I$40*H43 -> 361.42909
A44: 2 | B44: SESI ou SESC (art. 30, Lei nº 8.036/90) | H44: 0.015 | I44: =$I$40*H44 -> 27.107182
A45: 3 | B45: SENAI ou SENAC (Decreto-Lei nº 2.318/86) | H45: 0.01 | I45: =$I$40*H45 -> 18.071455
A46: 4 | B46: INCRA (art. 15I, Lei Complementar nº 011/71) | H46: 0.002 | I46: =$I$40*H46 -> 3.6142909
A47: 5 | B47: SALÁRIO EDUCAÇÃO (art. , inc. I, Decreto nº 87.043/82) | H47: 0.025 | I47: =$I$40*H47 -> 45.178636
A48: 6 | B48: FGTS (art. 15, Lei nº 8.036/90) | H48: 0.08 | I48: =$I$40*H48 -> 144.57164
A49: 7 | B49: SEG. ACIDENTE DO TRABALHO 1%, 2% e 3% (art. 22, inc. II, alíneas "b" e "c", da Lei nº 8.212/91) | H49: 0.03 | I49: =$I$40*H49 -> 54.214364
A50: 8 | B50: SEBRAE (§ 3º, art. 8º, Lei nº 8.029/90) | H50: 0.006 | I50: =$I$40*H50 -> 10.842873
A51: Total do Grupo II | H51: =SUM(H43:H50) -> 0.368 | I51: =SUM(I43:I50) -> 665.02953
A52: Os percentuais para o SAT podem variar de 0,50% a 6,00% em função do Fator de Acidente Previdenciário (FAP), Decreto nº 6.957/2009
A53: Deverá obrigatoriamente acompanhar a proposta de preços e a planilha de custos e formação de preços a prova do Fator Acidentário de Prevenção – FAP por meio de impressão de consulta ao site do Ministério da Previdência Social (que pode ser obtido no endereço eletrônico http://www2.dataprev.gov.br/fap/fap.htm), independentemente de alteração da alíquota da parcela do Seguro Acidente de Trabalho disposta no Quadro II da referida planilha.
A54: III | B54: Encargos Sociais - Grupo III: Tempo Não Trabalhado | H54: % | I54: Valor Mensal/unidade de serviço (R$)
A55: 1 | B55: FÉRIAS GOZADAS + ADICIONAL DE FÉRIAS | H55: 0.119314 | I55: =$I$40*H55 -> 215.61775
A56: 2 | B56: FALTAS ABONADAS (3) | H56: 0.020479 | I56: =$I$40*H56 -> 37.008532
A57: 3 | B57: FALTAS LEGAIS (4) | H57: 0.012123 | I57: =$I$40*H57 -> 21.908024
A58: 4 | B58: LICENÇA MATERNIDADE | H58: 0.011436 | I58: =$I$40*H58 -> 20.666515
A59: 5 | B59: LICENÇA PATERNIDADE | H59: 0.000174 | I59: =$I$40*H59 -> 0.31444331
A60: 6 | B60: ACIDENTE DE TRABALHO | H60: 0.000442 | I60: =$I$40*H60 -> 0.79875829
A61: 7 | B61: AVISO PRÉVIO TRABALHADO | H61: 0.000185 | I61: =$I$40*H61 -> 0.33432191
A62: 8 | B62: 13º SALÁRIO | H62: 0.09079 | I62: =$I$40*H62 -> 164.07074
A63: Total do Grupo III | H63: =SUM(H55:H62) -> 0.254943 | I63: =SUM(I55:I62) -> 460.71908
A64: (3) | B64: Faltas Justificadas por Auxílio Doença
A65: (4) | B65: Faltas Legais - Art. 473 CLT
A66: IV | B66: Encargos Sociais - Grupo IV: Indenizações | H66: % | I66: Valor Mensal/unidade de serviço (R$)
A67: 1 | B67: INDENIZAÇÕES | H67: 0.023627 | I67: =$I$40*H67 -> 42.697426
A68: 2 | B68: FGTS SOBRE INDENIZAÇÕES | H68: 0.001717 | I68: =$I$40*H68 -> 3.1028687
A69: 3 | B69: INDENIZAÇÃO COMPENSATÓRIA POR DEMISSÃO SEM JUSTA CAUSA | H69: 0.009451 | I69: =$I$40*H69 -> 17.079332
A70: Total do Grupo IV | H70: =SUM(H67:H69) -> 0.034795 | I70: =SUM(I67:I69) -> 62.879626
A72: V | B72: Encargos Sociais - Grupo V: Incidências | H72: % | I72: Valor Mensal/unidade de serviço (R$)
A73: 1 | B73: INCIDÊNCIA GRUPO II (Obrigações Sociais) X GRUPO III (Tempo Não Trabalhado) | H73: =(H51*H63) -> 0.093819024 | I73: =$I$40*H73 -> 169.54462
A74: Total do Grupo V | H74: =SUM(H73:H73) -> 0.093819024 | I74: =I73 -> 169.54462
A76: TOTAL DOS ENCAGOS SOCIAIS (II + III + IV + V) | H76: =H51+H63+H70+H74 -> 0.75155702 | I76: =I51+I63+I70+I74 -> 1358.1729
A78: VI | B78: Demais custos relativos à Norma Coletiva ou Disposições Legais - Grupo VI | H78: % | I78: Valor Mensal/unidade de serviço (R$)
A79: 1 | B79: Auxílio Alimentação | H79: =I79/$I$40 -> 0.15582586 | I79: =I96 -> 281.6
A80: 2 | B80: Auxílio Lanche | H80: =I80/$I$40 -> 0 | I80: =I92 -> 0
A81: 3 | B81: Vale-Transporte⁽⁵⁾ | H81: =I81/$I$40 -> 0.031304217 | I81: =I88 -> 56.571273
A82: 4 | B82: Adicional Intervalar | H82: =I82/$I$40 -> 0 | I82: =IF(I26="Não aplicável",0,((I10/H10)*1.5*I26)) -> 0
A83: 5 | B83: Outros | H83: =I83/$I$40 -> 0 | I83: =IF(I21="Não aplicável",0,I21) -> 0
A84: Total do Grupo VI | H84: =SUM(H79:H83) -> 0.18713008 | I84: =SUM(I79:I83) -> 338.17127
A85: (5) | B85: O valor do vale-transporte pode variar de acordo com o modal fornecido pelo empregador.
A86: MEMÓRIA DE CÁLCULO DO VALE TRANSPORTE
A87: Valor Unitário | C87: Dias de Trabalho | D87: Vale p/dia | E87: Custo total | F87: Base de cálculo | G87: Percentual de desconto | H87: Valor desconto | I87: Custo efetivo
A88: =I12 -> 3.75 | C88: =I13 -> 22 | D88: 2 | E88: =A88*C88*D88 -> 165 | F88: =I31 -> 1807.1455 | G88: =I14 -> 0.06 | H88: =F88*G88 -> 108.42873 | I88: =IF((E88-H88)>0,E88-H88,0) -> 56.571273
A90: MEMÓRIA DE CÁLCULO DO VALE LANCHE
A91: Valor Unitário | C91: Dias por mês | D91: Vale p/dia | E91: Custo total | F91: Base de cálculo | G91: Percentual de desconto | H91: Valor desconto | I91: Custo efetivo
A92: =I18 -> 0 | C92: =I19 -> 0 | D92: 1 | E92: =A92*C92*D92 -> 0 | F92: =E92 -> 0 | G92: =I20 -> 0 | H92: =F92*G92 -> 0 | I92: =E92-H92 -> 0
A94: MEMÓRIA DE CÁLCULO DO VALE ALIMENTAÇÃO
A95: Valor Unitário | C95: Dias por mês | D95: Vale p/dia | E95: Custo total | F95: Base de cálculo | G95: Percentual de desconto | H95: =H87 -> Valor desconto | I95: Custo efetivo
A96: =I15 -> 16 | C96: =I16 -> 22 | D96: 1 | E96: =A96*C96*D96 -> 352 | F96: =E96 -> 352 | G96: =I17 -> 0.2 | H96: =F96*G96 -> 70.4 | I96: =E96-H96 -> 281.6
A98: TOTAL DO MONTANTE A (I + II + III+ IV + V +VI) | H98: =H40+H76+H84 -> 1.9386871 | I98: =I40+I76+I84 -> 3503.4896
A100: MONTANTE B
A101: I | B101: Despesas Diretas | H101: % | I101: Valor Mensal/unidade de serviço (R$)
A102: 1 | B102: Transporte (6) | H102: =I102/$I$113 -> 0 | I102: 0
A103: 2 | B103: Uniformes/EPI (6a) | H103: =I103/$I$113 -> 0 | I103: 0
A104: 3 | B104: Seguro de vida | H104: =I104/$I$113 -> 0 | I104: 0
A105: 4 | B105: Materiais/Equipamentos | H105: =I105/$I$113 -> 0 | I105: =IF(F111=20%,G111,0) -> 0
A106: 5 | B106: Mobilização (7) | H106: =I106/$I$113 -> 0 | I106: 0
A107: 6 | B107: Outros (especificar) | H107: =I107/$I$113 -> 0 | I107: 0
A108: Total de Despesas Diretas | H108: =H102+H103+H104+H105+H106+H107 -> 0 | I108: =SUM(I102:I107) -> 0
B109: (6) Somente será preenchido quando o licitante fornecer transporte próprio (6a) EPI - Equipamento de Proteção Individual (7) Tais custos de mobilização não são renováveis, devendo ser eliminados após o primeiro ano de contrato caso haja prorrogação
A111: LIMITE QUADRO I (Despesas Diretas) sobre Montante A (exceto Vale-transporte), conforme alíneas "b.2" e "b.3", Inc. II, art. 7º, do Decreto 52.768/2015, alterado pelo Decreto 53.424/2017: 10% SEM MATERIAIS/EQUIPAMENTOS; 20% COM MATERIAIS/EQUIPAMENTOS | F111: =I27 -> 0.1 | G111: =I113*F111 -> 344.69183 | H111: Dedução Vale Transporte | I111: =I81 -> 56.571273
...

Sheet Motorista Pelotas
A1: PLANILHA DE CUSTOS E FORMAÇÃO DE PREÇOS DE SERVIÇOS CONTINUADOS COM DEDICAÇÃO EXCLUSIVA DE MÃO DE OBRA (ANEXO III - DECRETO 52.768 de 15.12.2015)
A2: PROCESSO: | C2: 23/1000-0027271-1 | E2: REGIME DE TRIBUTAÇÃO: LUCRO PRESUMIDO
A3: LICITAÇÃO/EDITAL | E3: ABERTURA:
A5: Cargo/Função: | D5: Motorista | G5: =IF(D6="12x36","Regime de trabalho:","Quantidade de HORAS/MÊS") -> Quantidade de HORAS/MÊS | I5: =IF(D6="12x36",D6,5*D6) -> 200
A6: =IF(D6="12x36","Regime de trabalho:","Regime de trabalho (horas semanais):") -> Regime de trabalho (horas semanais): | D6: 40
A7: Convenção Coletiva de Trabalho: | D7: RS002100/2023 | G7: INSALUBRIDADE (10%, 20%, 40%) | I7: Não aplicável
A8: Origem do salário: | D8: CCT
A9: Cidade: | D9: Pelotas | G9: PERICULOSIDADE (30%) | I9: Não aplicável
A10: Salário Normativo | G10: Vlr. do salário e nº de horas correspondentes | H10: 220 | I10: 1863.95
A11: ISS | G11: =D9 -> Pelotas | H11: Alíquota | I11: 0.04
A12: Tarifa Transporte | G12: CCT | H12: Vr. Unitário | I12: 5
H13: Dias | I13: 22
H14: Desconto | I14: 0.06
A15: Auxílio Alimentação | G15: CCT | H15: Vr. Unitário | I15: 0
H16: Dias | I16: 0
H17: Desconto | I17: 0
A18: Outros benefícios previstos na CCT | G18: CCT | H18: Vr. Unitário | I18: 0
H19: Mês | I19: 0
H20: Desconto | I20: 0
A21: Outros benefícios previstos na CCT | G21: CCT | H21: Valor mensal | I21: Não aplicável
A22: Adicional de Supervisor (37%) | H22: Porcentagem | I22: Não aplicável
A23: Base de cálculo da insalubridade | H23: Valor | I23: Não aplicável
A24: Quantitativo de horas trabalhadas em feriados no mês (estimado) - Não aplicável para postos 12x36 | H24: Horas por mês | I24: Não aplicável
H25: Acréscimo da hora extra | I25: Não aplicável
A26: Hora Intervalar (somente para postos 12x36, quando for o caso) | H26: Horas por mês | I26: Não aplicável
A27: Sem fornecimento de materiais ou apenas fornecimento de EPIs ou uniformes, utilizar 10%. Com fornecimento de materiais ou equipamentos, utilizar 20%. (Decreto 52.768/2015, alterado pelo Decreto 53.424/2017) | H27: Porcentagem | I27: 0.1
A29: MONTANTE A
A30: I | B30: Remuneração - Grupo I | H30: % | I30: Valor Mensal/unidade de serviço (R$)
A31: 1 | B31: Salário | H31: =I31/$I$40 -> 1 | I31: =IF(D6="12x36",I10,I10/H10*I5) -> 1694.5
A32: =A31+1 -> 2 | B32: Adicional Periculosidade 30% (Ver súmulas 364, 132 e 191 do TST) | H32: =I32/$I$40 -> 0 | I32: =IF(I9=30%,I31*I9,0) -> 0
A33: =A32+1 -> 3 | B33: Adicional Insalubridade 10% (Ver súmula 228 e 139 TST) | H33: =I33/$I$40 -> 0 | I33: =IF(I7=10%,I23*I7,0) -> 0
A34: =A33+1 -> 4 | B34: Adicional Insalubridade 20% (Ver súmula 228 e 139 TST) | H34: =I34/$I$40 -> 0 | I34: =IF(I7=20%,I23*I7,0) -> 0
A35: =A34+1 -> 5 | B35: Adicional Insalubridade 40% (Ver súmula 228 e 139 TST) | H35: =I35/$I$40 -> 0 | I35: =IF(I7=40%,I23*I7,0) -> 0
A36: =A35+1 -> 6 | B36: Adicional de Supervisor (IN 05/2017 MPOG SLTI) | H36: =I36/$I$40 -> 0 | I36: =IF(I22="Não aplicável",0,I31*I22) -> 0
A37: =A36+1 -> 7 | B37: Feriados | H37: =I37/$I$40 -> 0 | I37: =IF(I24="Não aplicável",0,(I31+I32+I33+I34+I35+I36+I39)/I5*I24*(1+I25)) -> 0
A38: =A37+1 -> 8 | B38: DSR = número total das horas extras do mês / número de dias úteis X domingos e feriados do mês X valor da hora extra com acréscimo | H38: =I38/$I$40 -> 0 | I38: =IF(I24="Não aplicável",0,I24/I13*5*(I10/H10*(1+I25))) -> 0
A39: =A38+1 -> 9 | B39: =IF(D6="12x36","Para postos 12x36 os feriados são considerados compensados, conforme parágrafo único, Art. 59-A da CLT","Outros") -> Outros | H39: =I39/$I$40 -> 0 | I39: 0
A40: Total de Remuneração | H40: =SUM(H31:H39) -> 1 | I40: =SUM(I31:I39) -> 1694.5
A42: II | B42: Encargos Sociais - Grupo II: Obrigações Sociais | H42: % | I42: Valor Mensal/unidade de serviço (R$)
A43: 1 | B43: INSS (art. 22, inc. I, Lei nº 8.212/91) | H43: 0.2 | I43: =$I$40*H43 -> 338.9
A44: 2 | B44: SESI ou SESC (art. 30, Lei nº 8.036/90) | H44: 0.015 | I44: =$I$40*H44 -> 25.4175
A45: 3 | B45: SENAI ou SENAC (Decreto-Lei nº 2.318/86) | H45: 0.01 | I45: =$I$40*H45 -> 16.945
A46: 4 | B46: INCRA (art. 15I, Lei Complementar nº 011/71) | H46: 0.002 | I46: =$I$40*H46 -> 3.389
A47: 5 | B47: SALÁRIO EDUCAÇÃO (art. , inc. I, Decreto nº 87.043/82) | H47: 0.025 | I47: =$I$40*H47 -> 42.3625
A48: 6 | B48: FGTS (art. 15, Lei nº 8.036/90) | H48: 0.08 | I48: =$I$40*H48 -> 135.56
A49: 7 | B49: SEG. ACIDENTE DO TRABALHO 1%, 2% e 3% (art. 22, inc. II, alíneas "b" e "c", da Lei nº 8.212/91) | H49: 0.03 | I49: =$I$40*H49 -> 50.835
A50: 8 | B50: SEBRAE (§ 3º, art. 8º, Lei nº 8.029/90) | H50: 0.006 | I50: =$I$40*H50 -> 10.167
A51: Total do Grupo II | H51: =SUM(H43:H50) -> 0.368 | I51: =SUM(I43:I50) -> 623.576
A52: Os percentuais para o SAT podem variar de 0,50% a 6,00% em função do Fator de Acidente Previdenciário (FAP), Decreto nº 6.957/2009
A53: Deverá obrigatoriamente acompanhar a proposta de preços e a planilha de custos e formação de preços a prova do Fator Acidentário de Prevenção – FAP por meio de impressão de consulta ao site do Ministério da Previdência Social (que pode ser obtido no endereço eletrônico http://www2.dataprev.gov.br/fap/fap.htm), independentemente de alteração da alíquota da parcela do Seguro Acidente de Trabalho disposta no Quadro II da referida planilha.
A54: III | B54: Encargos Sociais - Grupo III: Tempo Não Trabalhado | H54: % | I54: Valor Mensal/unidade de serviço (R$)
A55: 1 | B55: FÉRIAS GOZADAS + ADICIONAL DE FÉRIAS | H55: 0.119314 | I55: =$I$40*H55 -> 202.17757
A56: 2 | B56: FALTAS ABONADAS (3) | H56: 0.020479 | I56: =$I$40*H56 -> 34.701666
A57: 3 | B57: FALTAS LEGAIS (4) | H57: 0.012123 | I57: =$I$40*H57 -> 20.542424
A58: 4 | B58: LICENÇA MATERNIDADE | H58: 0.011436 | I58: =$I$40*H58 -> 19.378302
A59: 5 | B59: LICENÇA PATERNIDADE | H59: 0.000174 | I59: =$I$40*H59 -> 0.294843
A60: 6 | B60: ACIDENTE DE TRABALHO | H60: 0.000442 | I60: =$I$40*H60 -> 0.748969
A61: 7 | B61: AVISO PRÉVIO TRABALHADO | H61: 0.000185 | I61: =$I$40*H61 -> 0.3134825
A62: 8 | B62: 13º SALÁRIO | H62: 0.09079 | I62: =$I$40*H62 -> 153.84365
A63: Total do Grupo III | H63: =SUM(H55:H62) -> 0.254943 | I63: =SUM(I55:I62) -> 432.00091
A64: (3) | B64: Faltas Justificadas por Auxílio Doença
A65: (4) | B65: Faltas Legais - Art. 473 CLT
A66: IV | B66: Encargos Sociais - Grupo IV: Indenizações | H66: % | I66: Valor Mensal/unidade de serviço (R$)
A67: 1 | B67: INDENIZAÇÕES | H67: 0.023627 | I67: =$I$40*H67 -> 40.035951
A68: 2 | B68: FGTS SOBRE INDENIZAÇÕES | H68: 0.001717 | I68: =$I$40*H68 -> 2.9094565
A69: 3 | B69: INDENIZAÇÃO COMPENSATÓRIA POR DEMISSÃO SEM JUSTA CAUSA | H69: 0.009451 | I69: =$I$40*H69 -> 16.014719
A70: Total do Grupo IV | H70: =SUM(H67:H69) -> 0.034795 | I70: =SUM(I67:I69) -> 58.960127
A72: V | B72: Encargos Sociais - Grupo V: Incidências | H72: % | I72: Valor Mensal/unidade de serviço (R$)
A73: 1 | B73: INCIDÊNCIA GRUPO II (Obrigações Sociais) X GRUPO III (Tempo Não Trabalhado) | H73: =(H51*H63) -> 0.093819024 | I73: =$I$40*H73 -> 158.97634
A74: Total do Grupo V | H74: =SUM(H73:H73) -> 0.093819024 | I74: =I73 -> 158.97634
A76: TOTAL DOS ENCAGOS SOCIAIS (II + III + IV + V) | H76: =H51+H63+H70+H74 -> 0.75155702 | I76: =I51+I63+I70+I74 -> 1273.5134
A78: VI | B78: Demais custos relativos à Norma Coletiva ou Disposições Legais - Grupo VI | H78: % | I78: Valor Mensal/unidade de serviço (R$)
A79: 1 | B79: Auxílio Alimentação | H79: =I79/$I$40 -> 0 | I79: =I96 -> 0
A80: 2 | B80: Auxílio Lanche | H80: =I80/$I$40 -> 0 | I80: =I92 -> 0
A81: 3 | B81: Vale-Transporte⁽⁵⁾ | H81: =I81/$I$40 -> 0.069831809 | I81: =I88 -> 118.33
A82: 4 | B82: Adicional Intervalar | H82: =I82/$I$40 -> 0 | I82: =IF(I26="Não aplicável",0,((I10/H10)*1.5*I26)) -> 0
A83: 5 | B83: Outros | H83: =I83/$I$40 -> 0 | I83: =IF(I21="Não aplicável",0,I21) -> 0
A84: Total do Grupo VI | H84: =SUM(H79:H83) -> 0.069831809 | I84: =SUM(I79:I83) -> 118.33
A85: (5) | B85: O valor do vale-transporte pode variar de acordo com o modal fornecido pelo empregador.
A86: MEMÓRIA DE CÁLCULO DO VALE TRANSPORTE
A87: Valor Unitário | C87: Dias de Trabalho | D87: Vale p/dia | E87: Custo total | F87: Base de cálculo | G87: Percentual de desconto | H87: Valor desconto | I87: Custo efetivo
A88: =I12 -> 5 | C88: =I13 -> 22 | D88: 2 | E88: =A88*C88*D88 -> 220 | F88: =I31 -> 1694.5 | G88: =I14 -> 0.06 | H88: =F88*G88 -> 101.67 | I88: =IF((E88-H88)>0,E88-H88,0) -> 118.33
A90: MEMÓRIA DE CÁLCULO DO VALE LANCHE
A91: Valor Unitário | C91: Dias por mês | D91: Vale p/dia | E91: Custo total | F91: Base de cálculo | G91: Percentual de desconto | H91: Valor desconto | I91: Custo efetivo
A92: =I18 -> 0 | C92: =I19 -> 0 | D92: 1 | E92: =A92*C92*D92 -> 0 | F92: =E92 -> 0 | G92: =I20 -> 0 | H92: =F92*G92 -> 0 | I92: =E92-H92 -> 0
A94: MEMÓRIA DE CÁLCULO DO VALE ALIMENTAÇÃO
A95: Valor Unitário | C95: Dias por mês | D95: Vale p/dia | E95: Custo total | F95: Base de cálculo | G95: Percentual de desconto | H95: =H87 -> Valor desconto | I95: Custo efetivo
A96: =I15 -> 0 | C96: =I16 -> 0 | D96: 1 | E96: =A96*C96*D96 -> 0 | F96: =E96 -> 0 | G96: =I17 -> 0 | H96: =F96*G96 -> 0 | I96: =E96-H96 -> 0
A98: TOTAL DO MONTANTE A (I + II + III+ IV + V +VI) | H98: =H40+H76+H84 -> 1.8213888 | I98: =I40+I76+I84 -> 3086.3434
A100: MONTANTE B
A101: I | B101: Despesas Diretas | H101: % | I101: Valor Mensal/unidade de serviço (R$)
A102: 1 | B102: Transporte (6) | H102: =I102/$I$113 -> 0 | I102: 0
A103: 2 | B103: Uniformes/EPI (6a) | H103: =I103/$I$113 -> 0 | I103: 0
A104: 3 | B104: Seguro de vida | H104: =I104/$I$113 -> 0 | I104: 0
A105: 4 | B105: Materiais/Equipamentos | H105: =I105/$I$113 -> 0 | I105: =IF(F111=20%,G111,0) -> 0
A106: 5 | B106: Mobilização (7) | H106: =I106/$I$113 -> 0 | I106: 0
A107: 6 | B107: Outros (especificar) | H107: =I107/$I$113 -> 0 | I107: 0
A108: Total de Despesas Diretas | H108: =H102+H103+H104+H105+H106+H107 -> 0 | I108: =SUM(I102:I107) -> 0
B109: (6) Somente será preenchido quando o licitante fornecer transporte próprio (6a) EPI - Equipamento de Proteção Individual (7) Tais custos de mobilização não são renováveis, devendo ser eliminados após o primeiro ano de contrato caso haja prorrogação
A111: LIMITE QUADRO I (Despesas Diretas) sobre Montante A (exceto Vale-transporte), conforme alíneas "b.2" e "b.3", Inc. II, art. 7º, do Decreto 52.768/2015, alterado pelo Decreto 53.424/2017: 10% SEM MATERIAIS/EQUIPAMENTOS; 20% COM MATERIAIS/EQUIPAMENTOS | F111: =I27 -> 0.1 | G111: =I113*F111 -> 296.80134 | H111: Dedução Vale Transporte | I111: =I81 -> 118.33
...

Sheet Resumo
A1: Quadro Resumo Mensal
A2: Função | B2: Cidade | C2: Carga Horária | D2: Dias da semana | E2: Valor Unitário | F2: Nº de Postos | G2: Valor Total
A3: Motorista | B3: Pelotas | C3: 40h semanais | D3: seg-sex | E3: ='Motorista Pelotas'!I173 -> 3342.0069 | F3: 1 | G3: =F3*E3 -> 3342.0069
A4: Motorista | B4: Santana do Livramento | C4: 40h semanais | D4: seg-sex | E4: ='Motorista Santana do Livramento'!I173 -> 3753.0687 | F4: 1 | G4: =F4*E4 -> 3753.0687
A5: Motorista | B5: Caxias do Sul | C5: 40h semanais | D5: seg-sex | E5: ='Motorista Caxias do Sul'!I173 -> 4562.8865 | F5: 1 | G5: =F5*E5 -> 4562.8865
A6: Motorista | B6: Santo Angelo | C6: 40h semanais | D6: seg-sex | E6: ='Motorista Santo Angelo'!I173 -> 3811.9867 | F6: 1 | G6: =F6*E6 -> 3811.9867
A7: Motorista (Eventual) | B7: Santa Maria | C7: 40h semanais | D7: seg-sex | E7: ='Motorista Santa Maria'!I173 -> 3670.2236 | F7: 1 | G7: =F7*E7 -> 3670.2236
A8: Motorista (Eventual) | B8: Erechim | C8: 40h semanais | D8: seg-sex | E8: ='Motorista Erechim'!I173 -> 3835.5539 | F8: 1 | G8: =F8*E8 -> 3835.5539
A9: Motorista | B9: Porto Alegre | C9: 40h semanais | D9: seg-sex | E9: ='Motorista Porto Alegre'!I173 -> 3885.8124 | F9: 3 | G9: =F9*E9 -> 11657.437
A10: TOTAL | F10: =SUM(F3:F9) -> 9 | G10: =SUM(G3:G9) -> 34633.163
